Workbook

Sheet Totals
A2: STATUS OF 2005 ALLOCATION PROGRAM AS OF - | D2: 36893
C3: =SUM(C6/$B6) -> 0.28 | D3: =SUM(D6/$B6) -> 0.08 | E3: =SUM(E6/$B6) -> 0.02 | F3: =SUM(F6/$B6) -> 0.022 | G3: =SUM(G6/$B6) -> 0.044 | H3: =SUM(H6/$B6) -> 0.154 | I3: =SUM(I6/$B6) -> 0.105 | J3: =SUM(J6/$B6) -> 0.295 | L3: =SUM(C3:J3) -> 1
C4: SC 1 | D4: SC 2 | E4: SC 3 | F4: SC 4 | G4: SC 4 | H4: SC 4 | I4: SC 5 | J4: SC 6 | K4: Aug
B5: TOTAL | C5: MRB's | D5: State Voted | E5: IDBs | F5: TSAHC - MF | G5: TDHCA - MF | H5: Local HFC's MF | I5: Student Loan | J5: All Other | K5: Collapse
A6: 2005 STATE CEILING | B6: =SUM(C6:J6) -> 1799201760 | C6: ='SC1 MRB'!$C$1 -> 503776493 | D6: =+'SC2 State Voted'!C1 -> 143936141 | E6: =+'SC3 Small Issue IDBs'!C1 -> 35984035 | F6: ='SC4 TSAHC'!C1 -> 39582439 | G6: =+'SC4 MF- TDHCA'!C1 -> 79164878 | H6: ='REGION 1'!C1+'REGION 3'!C1+'REGION 6'!C1+'REGION 7'!C1+'REGION 9'!C1+'REGION 10'!C1+'REGION 11'!C1+'REGION 13'!C1 -> 277077071 | I6: ='SC5 Student Loans'!C1 -> 188916185 | J6: ='SC6 OTHER'!$C$1 -> 530764518 | K6: 0 | L6: =SUM(B6/B$6) -> 1
A8: REQUESTS TO DATE | B8: =SUM(C8:K8) -> 4206055997 | C8: ='SC1 MRB'!$F$24 -> 416813179 | D8: =+'SC2 State Voted'!F10 -> 0 | E8: =+'SC3 Small Issue IDBs'!F11 -> 4225000 | F8: =+'SC4 MF- TDHCA'!D46 -> 0 | G8: =+'SC4 MF- TDHCA'!F46 -> 422050000 | H8: ='REGION 1'!F12+'REGION 3'!F39+'REGION 6'!F43+'REGION 7'!F12+'REGION 9'!F15+'REGION 10'!F10+'REGION 11'!F8+'REGION 13'!F10+'LHFC June 1st'!F51 -> 1578372633 | I8: =+'SC5 Student Loans'!F12 -> 188916185 | J8: ='SC6 OTHER'!$F$28 -> 315950000 | K8: =Collapse!F70 -> 1279729000 | L8: =SUM(B8/B$6) -> 2.3377345
A10: RESERVATIONS TO DATE | B10: =SUM(C10:K10) -> 2853964168 | C10: ='SC1 MRB'!$I$24 -> 377362854 | D10: =+'SC2 State Voted'!G10 -> 0 | E10: =+'SC3 Small Issue IDBs'!G11 -> 4225000 | F10: =+'SC4 MF- TDHCA'!E46 -> 0 | G10: =+'SC4 MF- TDHCA'!G46 -> 217700000 | H10: ='REGION 1'!G12+'REGION 3'!G39+'REGION 6'!G43+'REGION 7'!G12+'REGION 9'!G15+'REGION 10'!G10+'REGION 11'!G8+'REGION 13'!G10+'LHFC June 1st'!G51 -> 516440000 | I10: =+'SC5 Student Loans'!G12 -> 188916185 | J10: ='SC6 OTHER'!$G$28 -> 315950000 | K10: =Collapse!G70 -> 1233370129 | L10: =SUM(B10/B$6) -> 1.5862391
A12: CERTIFIED TO DATE | B12: =SUM(C12:K12) -> 2351901591 | C12: ='SC1 MRB'!L24 -> 301277591 | D12: ='SC2 State Voted'!J10 -> 0 | E12: ='SC3 Small Issue IDBs'!J11 -> 4225000 | F12: ='SC4 TSAHC'!J9 -> 0 | G12: ='SC4 MF- TDHCA'!J46 -> 190850000 | H12: ='REGION 1'!J12+'REGION 3'!J39+'REGION 6'!J43+'REGION 7'!J12+'REGION 9'!J15+'REGION 10'!J10+'REGION 11'!J8+'REGION 13'!J10+'LHFC June 1st'!J51 -> 377275000 | I12: ='SC5 Student Loans'!J12 -> 188875000 | J12: ='SC6 OTHER'!J28 -> 245950000 | K12: =Collapse!$J$70 -> 1043449000 | L12: =SUM(B12/B$6) -> 1.3071917
A14: ALLOCATIONS TO DATE | B14: =SUM(C14:K14) -> 1220585311 | C14: ='SC1 MRB'!$N$24 -> 248353311 | D14: =+'SC2 State Voted'!L10 -> 0 | E14: =+'SC3 Small Issue IDBs'!L11 -> 4225000 | F14: ='SC4 TSAHC'!L9 -> 0 | G14: =+'SC4 MF- TDHCA'!L46 -> 87960000 | H14: ='REGION 1'!L12+'REGION 3'!L39+'REGION 6'!L43+'REGION 7'!L12+'REGION 9'!L15+'REGION 10'!L10+'REGION 11'!L8+'REGION 13'!L10+'LHFC June 1st'!L51 -> 69480000 | I14: =+'SC5 Student Loans'!L12 -> 188850000 | J14: ='SC6 OTHER'!L28 -> 126550000 | K14: =Collapse!$L$70 -> 495167000 | L14: =SUM(B14/B$6) -> 0.6784038
A16: RESERVATIONS RELEASED | B16: =SUM(C16:K16) -> 895175728 | C16: ='SC1 MRB'!$O$24 -> 129009543 | D16: =+'SC2 State Voted'!M10 -> 0 | E16: =+'SC3 Small Issue IDBs'!M11 -> 0 | F16: =+'SC4 MF- TDHCA'!K46 -> 0 | G16: =+'SC4 MF- TDHCA'!M46 -> 129740000 | H16: ='REGION 1'!M12+'REGION 3'!M39+'REGION 6'!M43+'REGION 7'!M12+'REGION 9'!M15+'REGION 10'!M10+'REGION 11'!M8+'REGION 13'!M10+'LHFC June 1st'!M51 -> 446960000 | I16: =+'SC5 Student Loans'!M12 -> 66185 | J16: ='SC6 OTHER'!M28 -> 189400000 | L16: =SUM(B16/B$6) -> 0.49754049
A18: UNSATISFIED REQUESTS | B18: =SUM(C18:K18) -> 1305732958 | C18: =+C8-C10 -> 39450325 | D18: =+D8-D10 -> 0 | E18: =+E8-E10 -> 0 | F18: =+F8-F10 -> 0 | G18: =+G8-G10 -> 204350000 | H18: =+H8-H10 -> 1061932633 | I18: =+I8-I10 -> 0 | J18: =+J8-J10 -> 0 | L18: =SUM(B18/B$6) -> 0.72572904
A20: AVAILABLE ALLOCATION 05 | B20: =SUM(C20+D20+E20+F20+G20+H20+I20+J20) -> 1073783449 | C20: =+C6-C10+C16 -> 255423182 | D20: =+D6-D10+D16 -> 143936141 | E20: =+E6-E10+E16 -> 31759035 | F20: =+F6-F10+F16 -> 39582439 | G20: =+G6-G10+G16 -> -8795122 | H20: =+H6-H10+H16 -> 207597071 | I20: =+I6-I10+I16 -> 66185 | J20: =+J6-J10+J16 -> 404214518
A22: CARRYFORWARD 2002 | B22: =SUM(C22+D22+E22+G22+H22+I22+J22) -> 36336181 | C22: =SUM('2002 CF'!G6:G7) -> 21336181 | D22: 0 | E22: 0 | F22: 0 | G22: 0 | H22: ='2002 CF'!M12 -> 15000000 | I22: 0 | J22: 0
A23: CARRYFORWARD 2003 | B23: =SUM(C23+D23+E23+G23+H23+I23+J23) -> 113150000 | C23: 0 | D23: 0 | E23: 0 | F23: 0 | G23: 0 | H23: =SUM('REGION 6'!M54+'2003 CF'!M14+'2003 CF'!M16+'2003 CF'!M17)+'2003 CF'!M14 -> 60150000 | I23: 0 | J23: ='2003 CF'!G10 -> 53000000
A24: CARRYFORWARD 2004 | B24: =SUM(C24:J24) -> 680690575 | C24: ='2004 CF'!J28 -> 18910000 | D24: 0 | E24: 0 | F24: =SUM('SC4 TSAHC'!J15) -> 15000000 | G24: =SUM('SC4 MF- TDHCA'!J66)+'2004 CF'!G7+'2004 CF'!G8+'2004 CF'!G9+'2004 CF'!G10 -> 194360000 | H24: =SUM('2004 CF'!J63) -> 339155280 | I24: =SUM('SC5 Student Loans'!J19) -> 58000000 | J24: =SUM('2004 CF'!G13:G16) -> 55265295
A25: CARRYFORWARD ABANDONED | B25: =SUM(C25:J25) -> 65295 | C25: 0 | D25: 0 | E25: 0 | F25: 0 | G25: 0 | H25: 0 | I25: 0 | J25: ='2004 CF'!M17+'2003 CF'!M10 -> 65295
B27: =SUM(B20:B24) -> 1903960205 | C27: =SUM(C20:C24) -> 295669363 | D27: =SUM(D20:D25) -> 143936141 | E27: =SUM(E20:E25) -> 31759035 | F27: =SUM(F20:F24) -> 54582439 | G27: =SUM(G20:G24) -> 185564878 | H27: =SUM(H20:H24) -> 621902351 | I27: =SUM(I20:I24) -> 58066185 | J27: =SUM(J20:J24) -> 512479813

Sheet Collapse
A1: August 15 Collapse | C1: ='SC1 MRB'!F28+'SC2 State Voted'!F14+'SC3 Small Issue IDBs'!F15+'SC4 TSAHC'!F13+'SC4 MF- TDHCA'!F69+'LHFC June 1st'!F55+'SC5 Student Loans'!F16+'SC6 OTHER'!F32 -> 1155373449 | N1: ='SC1 MRB'!P1 -> 36893
A4: DOCKET# | B4: STATUS | C4: ISSUER | D4: PROJECT | E4: LOCATION | F4: REQUESTED | G4: RESERVED | H4: RESERVATION | I4: 35-DAY | J4: CERTIFIED | L4: ALLOCATION | M4: RELEASED | N4: RELEASE/
A5: or | F5: AMOUNT | G5: AMOUNT | H5: DATE | I5: DEADLINE | J5: AMOUNT | K5: DEADLINE | L5: AMOUNT | M5: AMOUNT | N5: UPDATE
A6: LOT# | N6: DATE
A8: 3071 | B8: CF | C8: Texas Dept. of Housing and Community Affairs | D8: Rolling Creek Apartments | E8: Houston | F8: 14600000 | G8: 14600000 | H8: 37120 | I8: =SUM(H8+35) -> 37155 | J8: 14600000 | K8: =SUM(H8+150) -> 37270
A9: 3072 | B9: CANCELLED | C9: Lubbock HFC | D9: Hillcrest Manor Senior Community | E9: Lubbock | F9: 10500000 | G9: 10500000 | H9: 37121 | I9: =SUM(H9+35) -> 37156 | J9: 0 | K9: =SUM(H9+150) -> 37271 | L9: 0 | M9: =G9-L9 -> 10500000 | N9: 37161
A10: 3069 | B10: WITHDRAWN | C10: Calhoun County Navigation District | D10: Formosa Plastics Corporation of Texas | E10: Point Comfort, TX | F10: 20000000 | G10: 20000000 | H10: 37117 | I10: =H10+35 -> 37152 | J10: 0 | K10: =H10+120 -> 37237 | L10: 0 | M10: =G10-L10 -> 20000000 | N10: 37149
A11: 3073 | B11: CF | C11: North Central Texas HFC | D11: MCC | F11: 7685000 | G11: 7685000 | H11: 37124 | I11: =H11+35 -> 37159 | J11: 7685000 | K11: =H11+180 -> 37304
A12: 3074 | B12: CF | C12: Montgomery County HFC | D12: MCC | E12: Montgomery County | F12: 3714000 | G12: 3714000 | H12: 37125 | I12: =H12+35 -> 37160 | J12: 3714000 | K12: =H12+180 -> 37305
A13: 3075 | B13: CF | C13: Northwest Central Texas HFC | D13: MCC | F13: 1230000 | G13: 1230000 | H13: 37125 | I13: =H13+35 -> 37160 | J13: 1230000 | K13: =H13+180 -> 37305
A14: 3076 | B14: CF | C14: Southeast Texas HFC | D14: MRB | F14: 25000000 | G14: 25000000 | H14: 37126 | I14: =H14+35 -> 37161 | J14: 25000000 | K14: =H14+180 -> 37306
A15: 3070 | B15: CLOSED | C15: Brazos River Authority | D15: Morris Sheppard Dam | E15: Graford | F15: 15000000 | G15: 15000000 | H15: 37118 | I15: =H15+35 -> 37153 | J15: 13500000 | K15: =H15+120 -> 37238 | L15: 12875000 | M15: =G15-L15 -> 2125000 | N15: 37239 | O15: x
A16: 3080 | B16: CLOSED | C16: El Paso HFC | D16: MRB | E16: El Paso | F16: 25000000 | G16: 25000000 | H16: 37134 | I16: =H16+35 -> 37169 | J16: 25000000 | K16: =H16+180 -> 37314 | L16: 24992000 | M16: =SUM(J16-L16) -> 8000 | N16: 37216 | O16: x
A17: 05-206 | B17: WITHDRAWN | C17: Southeast Texas HFC | D17: Logan's Pointe | E17: Baytown | F17: 15000000 | G17: 0 | J17: 0 | L17: 0 | M17: 0 | N17: 37124
A18: 3077 | B18: WITHDRAWN | C18: Tarrant County HFC | D18: Cobblestone Manor | E18: Ft. Worth | F18: 13250000 | G18: 13250000 | H18: 37133 | I18: =SUM(H18+35) -> 37168 | J18: 13250000 | K18: =SUM(H18+150) -> 37283 | L18: 0 | M18: =G18-L18 -> 13250000 | N18: 37217
A19: 3078 | B19: CF | C19: Texas Dept. of Housing and Community Affairs | D19: Willow Creek | E19: Tomball | F19: 14600000 | G19: 14600000 | H19: 37133 | I19: =SUM(H19+35) -> 37168 | J19: 14600000 | K19: =SUM(H19+150) -> 37283
A20: 3079 | B20: CF | C20: Sea Breeze (A Public Facility Corp.) | D20: Sea Breeze Senior Center | E20: Corpus Christi, TX | F20: 7855000 | G20: 7855000 | H20: 37133 | I20: =SUM(H20+35) -> 37168 | J20: 7855000 | K20: =SUM(H20+150) -> 37283
A21: 3081 | B21: WITHDRAWN | C21: Strategic Housing Finance Corporation of Travis County | D21: Cambridge Villas Apartments | E21: Pflugerville | F21: 15000000 | G21: 15000000 | H21: 37134 | I21: =SUM(H21+35) -> 37169 | J21: 0 | K21: =SUM(H21+150) -> 37284 | L21: 0 | M21: =G21-L21 -> 15000000 | N21: 37168
A22: 3082 | B22: WITHDRAWN | C22: Southeast Texas HFC | D22: Sundance Apartments | E22: Texas City | F22: 10000000 | G22: 10000000 | H22: 37134 | I22: =SUM(H22+35) -> 37169 | J22: 0 | K22: =SUM(H22+150) -> 37284 | L22: 0 | M22: =G22-L22 -> 10000000 | N22: 37161
A23: 3083 | B23: CLOSED | C23: North Texas HEA | D23: Qualified Student Loan Bonds | E23: Texas | F23: 98800000 | G23: 98800000 | H23: 37159 | I23: =SUM(H23+35) -> 37194 | J23: 98800000 | K23: =SUM(H23+120) -> 37279 | L23: 98800000 | M23: 0 | N23: 37217 | O23: x
A24: 3084 | B24: CLOSED | C24: Panhandle-Plains HEA | D24: Qualified Student Loan Bonds | E24: Texas | F24: 140340000 | G24: 140340000 | H24: 37161 | I24: =SUM(H24+35) -> 37196 | J24: 140300000 | K24: =SUM(H24+120) -> 37281 | L24: 140300000 | M24: 40000 | N24: 37244 | O24: x
A25: 3085 | B25: CF | C25: San Antonio HFC | D25: Midcrowne Senior Pavilion Apts. | E25: San Antonio | F25: 12500000 | G25: 12500000 | H25: 37161 | I25: =SUM(H25+35) -> 37196 | J25: 12500000 | K25: =SUM(H25+150) -> 37311
A26: 3086 | B26: WITHDRAWN | C26: Red River Authority | D26: Panda Hereford Ethanol Disposal Facilities | E26: Hereford | F26: 50000000 | G26: 50000000 | H26: 37162 | I26: =SUM(H26+35) -> 37197 | J26: 0 | K26: =SUM(H26+120) -> 37282 | L26: 0 | M26: =G26-L26 -> 50000000 | N26: 37195
A27: 3099 | B27: CLOSED | C27: Brazos HEA | D27: Qualified Student Loan Bonds | E27: Texas | F27: 170200000 | G27: 170141129 | H27: 37204 | I27: =SUM(H27+35) -> 37239 | J27: 170100000 | K27: =SUM(H27+120) -> 37324 | L27: 170100000 | M27: =G27-J27 -> 41129 | N27: 37244 | O27: x
A28: 3087 | B28: CF | C28: Texas Dept. of Housing and Community Affairs | D28: Spring Branch on the Park Apartments | E28: Houston | F28: 11000000 | G28: 11000000 | H28: 37168 | I28: =SUM(H28+35) -> 37203 | J28: 11000000 | K28: =SUM(H28+150) -> 37318
A29: 3088 | B29: CF | C29: Texas Dept. of Housing and Community Affairs | D29: Harris Branch Apartments | E29: Austin | F29: 15000000 | G29: 15000000 | H29: 37168 | I29: =SUM(H29+35) -> 37203 | J29: 15000000 | K29: =SUM(H29+150) -> 37318
A30: 3089 | B30: WITHDRAWN | C30: Harris County IDC | D30: Shell Delayed Coker Unit | E30: Deer Park | F30: 25000000 | G30: 25000000 | H30: 37170 | I30: =SUM(H30+35) -> 37205 | J30: 25000000 | K30: =SUM(H30+120) -> 37290 | L30: 0 | M30: =G30-L30 -> 25000000 | N30: 37225
A31: 3090 | B31: CF | C31: Port Arthur Navigation District IDC | D31: Air Products and Chemicals | E31: Port Arthur | F31: 25000000 | G31: 25000000 | H31: 37173 | I31: =SUM(H31+35) -> 37208 | J31: 25000000 | K31: =SUM(H31+120) -> 37293
A32: 3091 | B32: CF | C32: San Antonio HFC | D32: Potranco Plaza | E32: San Antonio | F32: 15000000 | G32: 15000000 | H32: 37174 | I32: =SUM(H32+35) -> 37209 | J32: 15000000 | K32: =SUM(H32+150) -> 37324
A33: 3092 | B33: CF | C33: Harris County HFC | D33: Arbor Court | E33: Houston | F33: 8000000 | G33: 8000000 | H33: 37176 | I33: =SUM(H33+35) -> 37211 | J33: 8000000 | K33: =SUM(H33+150) -> 37326
A34: 3093 | B34: CF | C34: San Antonio HFC | D34: Heather Glen Apts | E34: San Antonio | F34: 15000000 | G34: 15000000 | H34: 37182 | I34: =SUM(H34+35) -> 37217 | J34: 15000000 | K34: =SUM(H34+150) -> 37332
A35: 05-224 | B35: CANCELLED | C35: Texas Dept. of Housing and Community Affairs | D35: Sphinx at Alsbury Villas | E35: Burleson | F35: 12300000 | G35: 0 | J35: 0 | K35: =SUM(H35+150) -> 150 | L35: 0 | M35: 0 | N35: 37187
A36: 3094 | B36: CLOSED | C36: Texas Dept. of Housing and Community Affairs | D36: Coral Hills Apartments | E36: Houston | F36: 5320000 | G36: 5320000 | H36: 37182 | I36: =SUM(H36+35) -> 37217 | J36: 5320000 | K36: =SUM(H36+150) -> 37332 | L36: 5320000 | M36: 0 | N36: 37251 | O36: x
A37: 3095 | B37: WITHDRAWN | C37: Harris County HFC | D37: Greens Crossing Senior Village | E37: Houston | F37: 15000000 | G37: 15000000 | H37: 37184 | I37: =SUM(H37+35) -> 37219 | J37: 0 | K37: =SUM(H37+150) -> 37334 | L37: 0 | M37: =G37-L37 -> 15000000 | N37: 37217
A38: 3096 | B38: CF | C38: Harris County HFC | D38: Bayview Apartments | E38: Baytown | F38: 13000000 | G38: 13000000 | H38: 37184 | I38: =SUM(H38+35) -> 37219 | J38: 13000000 | K38: =SUM(H38+150) -> 37334
A39: 05-228 | B39: CANCELLED | C39: Beaumont HFC | D39: Pear Orchard Apts. | E39: Beaumont | F39: 4000000 | G39: 0 | J39: 0 | L39: 0 | M39: 0 | N39: 37225
A40: 3100 | B40: CF | C40: Muleshoe EDC | D40: Visser Family Trust Waste Disposal | E40: Muleshoe | F40: 5500000 | G40: 5500000 | H40: 37208 | I40: =SUM(H40+35) -> 37243 | J40: 5500000 | K40: =SUM(H40+120) -> 37328
A41: 3097 | B41: CF | C41: Houston HFC | D41: Villas at Bethel | E41: Houston | F41: 10000000 | G41: 10000000 | H41: 37203 | I41: =SUM(H41+35) -> 37238 | J41: 10000000 | K41: =SUM(H41+150) -> 37353
A42: 3104 | B42: CF | C42: San Antonio HFC | D42: Artisan at Military | E42: San Antonio | F42: 15000000 | G42: 15000000 | H42: 37210 | I42: =SUM(H42+35) -> 37245 | J42: 15000000 | K42: =SUM(H42+150) -> 37360
A43: 3098 | B43: CF | C43: Alamo Area HFC | D43: Comal Gardens Apartments | E43: New Braunfels | F43: 15000000 | G43: 15000000 | H43: 37203 | I43: =SUM(H43+35) -> 37238 | J43: 15000000 | K43: =SUM(H43+150) -> 37353
A44: 3101 | B44: CF | C44: Brazos River Authority | D44: Oak Grove Electric | E44: Bremond | F44: 50000000 | G44: 50000000 | H44: 37208 | I44: =SUM(H44+35) -> 37243 | J44: 50000000 | K44: =SUM(H44+120) -> 37328
A45: 3102 | B45: CLOSED | C45: Tarrant County HFC | D45: Providence at Marine Creek Apartments | E45: Ft. Worth | F45: 15000000 | G45: 15000000 | H45: 37210 | I45: =SUM(H45+35) -> 37245 | J45: 15000000 | K45: =SUM(H45+150) -> 37360 | L45: 15000000 | M45: 0 | N45: 37251 | O45: CFx
A46: 3103 | B46: CF | C46: Tarrant County HFC | D46: Cobblestone Manor Senior Housing Community | E46: Ft. Worth | F46: 13250000 | G46: 13250000 | H46: 37210 | I46: =SUM(H46+35) -> 37245 | K46: =SUM(H46+150) -> 37360
A47: 3105 | B47: CLOSED | C47: Denton HFC | D47: Providence Place II Apartments | E47: Denton | F47: 16000000 | G47: 16000000 | H47: 37210 | I47: =SUM(H47+35) -> 37245 | J47: 16000000 | K47: =SUM(H47+150) -> 37360 | L47: 16000000 | M47: 0 | N47: 37251 | O47: x
A48: 3118 | B48: CF | C48: Bastrop HFC | D48: Townparc at Bastrop | E48: Bastrop | F48: 15000000 | G48: 15000000 | H48: 37216 | I48: =SUM(H48+35) -> 37251 | J48: 15000000 | K48: =SUM(H48+150) -> 37366
A49: 3119 | B49: CF | C49: Houston HFC | D49: North Oaks Apartments | E49: Houston | F49: 15000000 | G49: 15000000 | H49: 37217 | I49: =SUM(H49+35) -> 37252 | J49: 15000000 | K49: =SUM(H49+150) -> 37367
A50: 3106 | B50: CF | C50: Montgomery County HFC | D50: Conroe Lodge at Silverdale Apartment Homes | E50: Conroe | F50: 7945000 | G50: 7945000 | H50: 37211 | I50: =SUM(H50+35) -> 37246 | J50: 7945000 | K50: =SUM(H50+150) -> 37361
A51: 3107 | B51: CF | C51: Texas Dept. of Housing and Community Affairs | D51: Creekside Manor | E51: Killeen | F51: 10500000 | G51: 10500000 | H51: 37212 | I51: =SUM(H51+35) -> 37247 | J51: 10500000 | K51: =SUM(H51+150) -> 37362
A52: 3117 | B52: CF | C52: Texas Dept. of Housing and Community Affairs | D52: Ennis Senior Estates | E52: Ennis | F52: 10000000 | G52: 10000000 | H52: 37215 | I52: =SUM(H52+35) -> 37250 | J52: 10000000 | K52: =SUM(H52+150) -> 37365
A53: 3108 | B53: CF | C53: Bexar County HFC | D53: Marbach Manor Apartments | E53: San Antonio | F53: 4500000 | G53: 4500000 | H53: 37212 | I53: =SUM(H53+35) -> 37247 | J53: 4500000 | K53: =SUM(H53+150) -> 37362
A54: 3109 | B54: CF | C54: Texas Dept. of Housing and Community Affairs | D54: Skyline at Park City Apartments | E54: Houston | F54: 13300000 | G54: 13300000 | H54: 37212 | I54: =SUM(H54+35) -> 37247 | J54: 13300000 | K54: =SUM(H54+150) -> 37362
A55: 3110 | B55: WITHDRAWN | C55: Texas Dept. of Housing and Community Affairs | D55: Deerwood Lodge Apartments | E55: Houston | F55: 11000000 | G55: 11000000 | H55: 37212 | I55: =SUM(H55+35) -> 37247 | J55: 0 | K55: =SUM(H55+150) -> 37362 | L55: 0 | M55: =G55-L55 -> 11000000 | N55: 37244
A56: 3120 | B56: CF | C56: Texas Dept. of Housing and Community Affairs | D56: The Park at Oak Grove | E56: Fort Worth | F56: 13700000 | G56: 13700000 | H56: 37222 | I56: =SUM(H56+35) -> 37257 | J56: 13700000 | K56: =SUM(H56+150) -> 37372
A57: 3111 | B57: WITHDRAWN | C57: Texas Dept. of Housing and Community Affairs | D57: Spriggsdale Plaza Apartments | E57: San Antonio | F57: 11590000 | G57: 11590000 | H57: 37212 | I57: =SUM(H57+35) -> 37247 | J57: 0 | K57: =SUM(H57+150) -> 37362 | L57: 0 | M57: =G57-L57 -> 11590000 | N57: 37244
A58: 3112 | B58: CF | C58: Texas Dept. of Housing and Community Affairs | D58: Bella Vista Apartments | E58: Gainesville | F58: 6850000 | G58: 6850000 | H58: 37212 | I58: =SUM(H58+35) -> 37247 | J58: 6850000 | K58: =SUM(H58+150) -> 37362
A59: 3113 | B59: CF | C59: Texas Dept. of Housing and Community Affairs | D59: Village Park Apartments | E59: Houston | F59: 15000000 | G59: 15000000 | H59: 37212 | I59: =SUM(H59+35) -> 37247 | J59: 15000000 | K59: =SUM(H59+150) -> 37362
A60: 3114 | B60: CF | C60: Texas Dept. of Housing and Community Affairs | D60: Generations at Mansfield Apartments | E60: Mansfield | F60: 16100000 | G60: 16100000 | H60: 37215 | I60: =SUM(H60+35) -> 37250 | J60: 16100000 | K60: =SUM(H60+150) -> 37365
A61: 3115 | B61: CF | C61: Texas Dept. of Housing and Community Affairs | D61: Havens at Mansfield | E61: Mansfield | F61: 14600000 | G61: 14600000 | H61: 37215 | I61: =SUM(H61+35) -> 37250 | J61: 14600000 | K61: =SUM(H61+150) -> 37365
A62: 3116 | B62: CF | C62: Red River Authority of Texas | D62: Panda Hereford Ethanol, LP | E62: Hereford | F62: 40000000 | G62: 40000000 | H62: 37215 | I62: =SUM(H62+35) -> 37250 | J62: 40000000 | K62: =SUM(H62+120) -> 37335
A63: 3122 | B63: CF | C63: Tarrant County HFC | D63: Lindbergh Parc Senior Apartments | E63: Fort Worth | F63: 14000000 | G63: 14000000 | H63: 37225 | I63: =SUM(H63+35) -> 37260 | J63: 14000000 | K63: =SUM(H63+150) -> 37375
A64: 3121 | B64: CF | C64: Texas Dept. of Housing and Community Affairs | D64: The Oakmoor Apartments | E64: Houston | F64: 15000000 | G64: 15000000 | H64: 37222 | I64: =SUM(H64+35) -> 37257 | J64: 15000000 | K64: =SUM(H64+150) -> 37372
A65: 3123 | B65: CLOSED | C65: San Antonio HFC | D65: The Villas at Costa Valencia Apts | E65: San Antonio | F65: 15000000 | G65: 15000000 | H65: 37225 | I65: =SUM(H65+35) -> 37260 | J65: 15000000 | K65: =SUM(H65+150) -> 37375 | L65: 11780000 | M65: =G65-L65 -> 3220000 | N65: 37238 | O65: x
A66: 3124 | B66: CF | C66: Tarrant County HFC | D66: MRB | E66: Tarrant County | F66: 25000000 | G66: =SUM(F66*0.4) -> 10000000 | H66: 37225 | I66: =SUM(H66+35) -> 37260 | J66: 10000000 | K66: =H66+180 -> 37405
A67: 3125 | B67: CF | C67: Harris County IDC | D67: Shell Delayed Coker Unit | E67: Deer Park | F67: 25000000 | G67: 25000000 | H67: 37225 | I67: =SUM(H67+35) -> 37260 | K67: =SUM(H67+120) -> 37345
A68: 3126 | B68: WITHDRAWN | C68: North Central Texas HFC | D68: Pleasant Creek Corners | E68: Lancaster | F68: 7000000 | G68: 7000000 | H68: 37225 | I68: =SUM(H68+35) -> 37260 | J68: 0 | K68: =SUM(H68+150) -> 37375 | L68: 0 | M68: =G68-L68 -> 7000000 | N68: 37253
C70: TOTALS | F70: =SUM(F7:F69) -> 1279729000 | G70: =SUM(G7:G69) -> 1233370129 | J70: =SUM(J7:J69) -> 1043449000 | L70: =SUM(L7:L69) -> 495167000 | M70: =SUM(M7:M69) -> 193774129
C72: In-Line | F72: =SUM(F70-G70) -> 46358871
C74: Available | F74: =+C1-G70+M70 -> 115777449
C76: Tarrant County HFC | D76: 2004 CF 3102 closed | F76: 15000000
C77: Available After using Carryforward | F77: =SUM(F74:F76) -> 130777449

Sheet LHFC June 1st
A1: SUBCEILING #4 | C1: ='REGION 1'!F16+'REGION 3'!F43+'REGION 6'!F47+'REGION 7'!F16+'REGION 9'!F19+'REGION 10'!F14+'REGION 11'!F12+'REGION 13'!F14 -> 240297071 | N1: ='SC1 MRB'!P1 -> 36893
A2: June 1stCollapse
A4: DOCKET# | B4: STATUS | C4: ISSUER | D4: PROJECT | E4: LOCATION | F4: REQUESTED | G4: RESERVED | H4: RESERVATION | I4: 35-DAY | J4: CERTIFIED | K4: 150-DAY | L4: ALLOCATION | M4: RELEASED | N4: RELEASE/
A5: or | F5: AMOUNT | G5: AMOUNT | H5: DATE | I5: DEADLINE | J5: AMOUNT | K5: DEADLINE | L5: AMOUNT | M5: AMOUNT | N5: UPDATE
A6: LOT# | N6: DATE
A7: PRIORITY 1
A8: 33 | B8: WITHDRAWN | C8: San Antonio HFC | D8: Mission Verde One Apts. | E8: San Antonio | F8: 15000000 | G8: 0 | J8: 0 | L8: 0 | M8: 0 | N8: 37047
A9: 3044 | B9: WITHDRAWN | C9: San Antonio HFC | D9: Potranco Plaza Apartments | E9: San Antonio | F9: 15000000 | G9: 15000000 | H9: 37048 | I9: =SUM(H9+35) -> 37083 | J9: 15000000 | K9: =SUM(H9+150) -> 37198 | L9: 0 | M9: 15000000 | N9: 37173
A10: 47 | B10: WITHDRAWN | C10: San Antonio HFC | D10: The Homes at Hausman Apts. | E10: San Antonio | F10: 15000000 | G10: 0 | J10: 0 | L10: 0 | M10: 0 | N10: 37047
A11: 50 | B11: WITHDRAWN | C11: San Antonio HFC | D11: The Villas at Costa Malaga I Apartments | E11: San Antonio | F11: 11200000 | G11: 0 | J11: 0 | L11: 0 | M11: 0 | N11: 37047
A12: 3045 | B12: WITHDRAWN | C12: San Antonio HFC | D12: Midcrowne Senior Pavilion Apts. | E12: San Antonio | F12: 12500000 | G12: 12500000 | H12: 37048 | I12: =SUM(H12+35) -> 37083 | J12: 12500000 | K12: =SUM(H12+150) -> 37198 | L12: 0 | M12: 12500000 | N12: 37153
A13: 3047 | B13: WITHDRAWN | C13: Capital Area HFC | D13: Northwest Residential | E13: Georgetown | F13: 14000000 | G13: 14000000 | H13: 37050 | I13: =SUM(H13+35) -> 37085 | J13: 14000000 | K13: =SUM(H13+120) -> 37170 | L13: 0 | M13: 14000000 | N13: 37170
A14: 60 | B14: WITHDRAWN | C14: Austin HFC | D14: Fallwell Meadows Apartments | E14: Austin | F14: 15000000 | G14: 0 | J14: 0 | L14: 0 | M14: 0 | N14: 37047
A15: 3049 | B15: CANCELLED | C15: Corpus Christi HFC | D15: The Villas at Costa Tarragona II | E15: Corpus Christi, TX | F15: 15000000 | G15: 15000000 | H15: 37055 | I15: =SUM(H15+35) -> 37090 | J15: 0 | K15: =SUM(H15+150) -> 37205 | L15: 0 | M15: 15000000 | N15: 37098
A16: 72 | B16: WITHDRAWN | C16: San Antonio HFC | D16: The Villas at Costa Malaga II Apartments | E16: San Antonio | F16: 11200000 | G16: 0 | J16: 0 | L16: 0 | M16: 0 | N16: 37051
A17: 73 | B17: WITHDRAWN | C17: San Antonio HFC | D17: Kelly Ranch Apartments | E17: San Antonio | F17: 15000000 | G17: 0 | J17: 0 | L17: 0 | M17: 0 | N17: 37051
A18: 3051 | B18: WITHDRAWN | C18: San Antonio HFC | D18: Palo Alto Plaza Apts. | E18: San Antonio | F18: 15000000 | G18: 15000000 | H18: 37056 | I18: =SUM(H18+35) -> 37091 | J18: 0 | K18: =SUM(H18+150) -> 37206 | L18: 0 | M18: 15000000 | N18: 37084
A19: 89 | B19: WITHDRAWN | C19: Bexar County HFC | D19: The Parks at New Braunfels | E19: San Antonio | F19: 15000000 | G19: 0 | J19: 0 | L19: 0 | M19: 0 | N19: 37055
A20: 96 | B20: CANCELLED | C20: Capital Area HFC | D20: San Marcos Estates | E20: San Marcos | F20: 15000000 | G20: 0 | J20: 0 | L20: 0 | M20: 0 | N20: 37056
A21: 3053 | B21: WITHDRAWN | C21: San Antonio HFC | D21: Primrose at Pearsall Apartments | E21: San Antonio | F21: 14260000 | G21: 14260000 | H21: 37063 | I21: =SUM(H21+35) -> 37098 | J21: 0 | K21: =SUM(H21+150) -> 37213 | L21: 0 | M21: 14260000 | N21: 37090
A22: 102 | B22: WITHDRAWN | C22: San Antonio HFC | D22: Highland Ranch One Apartments | E22: San Antonio | F22: 15000000 | G22: 0 | J22: 0 | L22: 0 | M22: 0 | N22: 37058
A23: 110 | B23: WITHDRAWN | C23: San Antonio HFC | D23: The Villas at Costa Algarve II Apartments | E23: San Antonio | F23: 8400000 | G23: 0 | J23: 0 | L23: 0 | M23: 0 | N23: 37061
A24: 116 | B24: WITHDRAWN | C24: Bexar County HFC | D24: Hacienda Nogalitos | E24: San Antonio | F24: 15000000 | G24: 0 | J24: 0 | L24: 0 | M24: 0 | N24: 37061
A25: 3054 | B25: CLOSED | C25: Corpus Christi HFC | D25: The Villas at Costa Tarragona I | E25: Corpus Christi, TX | F25: 15000000 | G25: 15000000 | H25: 37064 | I25: =SUM(H25+35) -> 37099 | J25: 15000000 | K25: =SUM(H25+150) -> 37214 | L25: 10800000 | M25: =SUM(J25-L25) -> 4200000 | N25: 37223
A26: 123 | B26: WITHDRAWN | C26: San Antonio HFC | D26: The Alhambra Apts. | E26: San Antonio | F26: 6000000 | G26: 0 | J26: 0 | L26: 0 | M26: 0 | N26: 37064
A27: 130 | B27: WITHDRAWN | C27: San Antonio HFC | D27: The Villas at Costa Almadena Apts. | E27: San Antonio | F27: 8800000 | G27: 0 | J27: 0 | L27: 0 | M27: 0 | N27: 37065
A28: 131 | B28: WITHDRAWN | C28: San Antonio HFC | D28: Mission Verde Four Apts. | E28: San Antonio | F28: 15000000 | G28: 0 | J28: 0 | L28: 0 | M28: 0 | N28: 37065
A29: 136 | B29: WITHDRAWN | C29: San Antonio HFC | D29: Lake Front Place Apts. | E29: San Antonio | F29: 15000000 | G29: 0 | J29: 0 | L29: 0 | M29: 0 | N29: 37071
A30: 137 | B30: WITHDRAWN | C30: San Antonio HFC | D30: Highland Ranch Two Apartments | E30: San Antonio | F30: 15000000 | G30: 0 | J30: 0 | L30: 0 | M30: 0 | N30: 37071
A31: PRIORITY 2
A32: 15 | B32: WITHDRAWN | C32: Capital Area HFC | D32: TownParc at Bastrop | E32: Bastrop | F32: 9500000 | G32: 0 | J32: 0 | L32: 0 | M32: 0 | N32: 37071
A33: 16 | B33: WITHDRAWN | C33: Capital Area HFC | D33: Tuscany at Georgetown | E33: Georgetown | F33: 12500000 | G33: 0 | J33: 0 | L33: 0 | M33: 0 | N33: 37077
A34: 23 | B34: WITHDRAWN | C34: Travis County HFC | D34: Stone Creek Reserve | E34: Austin | F34: 15000000 | G34: 0 | J34: 0 | L34: 0 | M34: 0 | N34: 37077
A35: 78 | B35: CANCELLED | C35: Austin HFC | D35: Loyola Park Apartments | E35: Austin | F35: 15000000 | G35: 0 | J35: 0 | L35: 0 | M35: 0 | N35: 37076
A36: 3055 | B36: WITHDRAWN | C36: Travis County HFC | D36: Tuscany Apartments | E36: Austin | F36: 15000000 | G36: 15000000 | H36: 37079 | I36: =SUM(H36+35) -> 37114 | J36: 15000000 | K36: =SUM(H36+150) -> 37229 | L36: 0 | M36: 15000000 | N36: 37191
A37: 3056 | B37: WITHDRAWN | C37: Southeast Texas HFC | D37: The Plaza at La Marque Apartments | E37: La Marque | F37: 15000000 | G37: 15000000 | H37: 37079 | I37: =SUM(H37+35) -> 37114 | J37: 15000000 | K37: =SUM(H37+150) -> 37229 | L37: 0 | M37: 15000000 | N37: 37229
A38: 142 | B38: WITHDRAWN | C38: Travis County HFC | D38: Stone Creek Canyon | E38: Austin | F38: 15000000 | G38: 0 | J38: 0 | L38: 0 | M38: 0 | N38: 37077
A39: 143 | B39: WITHDRAWN | C39: Harris County HFC | D39: Park at Uvalde Townhomes | E39: Houston | F39: 15000000 | G39: 0 | J39: 0 | L39: 0 | M39: 0 | N39: 37076
A40: POST LOTTERY
A41: 3058 | B41: WITHDRAWN | C41: San Antonio HFC | D41: The Villas at Costa Valencia Apts | E41: San Antonio | F41: 15000000 | G41: 15000000 | H41: 37084 | I41: =SUM(H41+35) -> 37119 | J41: 15000000 | K41: =SUM(H41+150) -> 37234 | L41: 0 | M41: 15000000 | N41: 37217
A42: 05-177 | B42: WITHDRAWN | C42: San Antonio HFC | D42: Artisan at Military Apartments | E42: San Antonio | F42: 15000000 | G42: 0 | J42: 0 | L42: 0 | M42: 0 | N42: 37082
A43: 05-178 | B43: WITHDRAWN | C43: San Antonio HFC | D43: Artisan at Lakefront Apartments | E43: San Antonio | F43: 15000000 | G43: 0 | J43: 0 | L43: 0 | M43: 0 | N43: 37086
A44: 05-179 | B44: WITHDRAWN | C44: San Antonio HFC | D44: Franklin Park at Salado Apartments | E44: San Antonio | F44: 15000000 | G44: 0 | J44: 0 | L44: 0 | M44: 0 | N44: 37086
A45: 3061 | B45: CLOSED | C45: San Antonio HFC | D45: New Braunfels Garden Apartments | E45: San Antonio | F45: 15000000 | G45: 15000000 | H45: 37092 | I45: =SUM(H45+35) -> 37127 | J45: 15000000 | K45: =SUM(H45+150) -> 37242 | L45: 12900000 | M45: =SUM(J45-L45) -> 2100000 | N45: 37243
A46: 3064 | B46: CLOSED | C46: The Bell County HFC | D46: Meadow Village Apartments | E46: Temple | F46: 10000000 | G46: 10000000 | H46: 37092 | I46: =SUM(H46+35) -> 37127 | J46: 10000000 | K46: =SUM(H46+150) -> 37242 | L46: 9000000 | M46: =SUM(J46-L46) -> 1000000 | N46: 37245
A47: 3062 | B47: WITHDRAWN | C47: Sea Breeze (A Public Facility Corp.) | D47: Sea Breeze Senior Center | E47: Corpus Christi, TX | F47: 7855000 | G47: 7855000 | H47: 37092 | I47: =SUM(H47+35) -> 37127 | J47: 0 | K47: =SUM(H47+150) -> 37242 | L47: 0 | M47: 7855000 | N47: 37132
A48: 3063 | B48: WITHDRAWN | C48: Harris County HFC | D48: Northline Estates | E48: Houston, TX | F48: 15000000 | G48: 15000000 | H48: 37092 | I48: =SUM(H48+35) -> 37127 | J48: 15000000 | K48: =SUM(H48+150) -> 37242 | L48: 0 | M48: 15000000 | N48: 37212
A49: 3067 | B49: WITHDRAWN | C49: Housing Options, Inc. | D49: Mill City Frazier(Mill City Parc Apartments) | E49: Dallas | F49: 9500000 | G49: 9500000 | H49: 37107 | I49: =SUM(H49+35) -> 37142 | J49: 9500000 | K49: =SUM(H49+150) -> 37257 | L49: 0 | M49: 9500000 | N49: 37243
D51: TOTALS | F51: =SUM(F10:F50) -> 510715000 | G51: =SUM(G8:G50) -> 203115000 | J51: =SUM(J8:J50) -> 151000000 | L51: =SUM(L10:L50) -> 32700000 | M51: =SUM(M8:M50) -> 170415000
D53: In-Line | F53: =SUM(F51-G51) -> 307600000
D55: Available | F55: =+C1-G51+M51 -> 207597071

Sheet 2002 CF
A1: 2002 TRADITIONAL CARRYFORWARD
A3: DOCKET# | B3: STATUS | C3: ISSUER | D3: PROJECT | E3: LOCATION | F3: REQUESTED | G3: RESERVED | H3: RESERVATION | I3: 35-DAY | J3: CERTIFIED | L3: ALLOCATION | M3: CARRYFORWARD | N3: ABANDONED/
A4: or | F4: AMOUNT | G4: AMOUNT | H4: DATE | I4: DEADLINE | J4: AMOUNT | K4: DEADLINE | L4: AMOUNT | M4: ABANDONED | N4: UPDATE
A5: LOT # | N5: DATE
B6: 2002 CF | C6: Metro HFC | D6: MRB | G6: 18014290 | K6: 37255 | M6: 18014290
A7: 2636 | B7: 2002 CF | C7: Amarillo HFC | D7: MRB | G7: 3321891 | K7: 37255 | M7: 3321891
A8: 2002CF | C8: Travis County HFC | F8: 250000 | H8: 36159 | K8: =SUM(H8+365*3) -> 37254 | M8: 250000
A11: 2002 NON-TRADITIONAL CARRYFORWARD
A12: 2631 | B12: CANCELLED | C12: Southeast Texas HFC | D12: Pearland 518 Apartments | F12: 15000000 | K12: 37255 | M12: 15000000
M13: =SUM(M6:M12) -> 36586181

Sheet 2003 CF
A1: 2003 TRADITIONAL CARRYFORWARD | N1: 37048
A3: DOCKET# | B3: STATUS | C3: ISSUER | D3: PROJECT | E3: LOCATION | F3: REQUESTED | G3: DESIGNATED | H3: RESERVATION | I3: 35-DAY | J3: CERTIFIED | L3: DESIGNATED | M3: CARRYFORWARD | N3: ABANDONED/
A4: or | F4: AMOUNT | G4: AMOUNT | H4: DATE | I4: DEADLINE | J4: AMOUNT | K4: DEADLINE | L4: AMOUNT | M4: ABANDONED | N4: UPDATE
A5: LOT # | N5: DATE
A7: 03CF-0001 | B7: CF | C7: Gulf Coast WDA | D7: Waste Corporation of America | F7: 50000000 | G7: 50000000 | H7: 36524 | I7: 36559 | K7: 37619
A8: 03CF-0002 | B8: CLOSED | C8: Hale County IDC | D8: Stuikmans Ramona | F8: 3000000 | G8: 3000000 | H8: 36524 | I8: 36559 | K8: 37619 | L8: 3000000 | M8: 0 | N8: 37048
F10: =SUM(F7:F9) -> 53000000 | G10: =SUM(G7:G9) -> 53000000 | L10: =SUM(L7:L9) -> 3000000 | M10: =SUM(M7:M9) -> 0
A13: 2003 NON-TRADITIONAL CARRYFORWARD | M13: RECYCLED
A14: 2788 | B14: WITHDRAWN | C14: Austin HFC | D14: InterPort Apts. | E14: Austin, TX | F14: 15000000 | G14: 15000000 | H14: 36455 | I14: 36490 | J14: 15000000 | K14: 36575 | L14: 0 | M14: 15000000 | N14: 36572
A16: 2789 | B16: CANCELLED | C16: Travis County HFC | D16: Cherry Mountain Villas | E16: Lakeway, TX | F16: 15000000 | G16: 15000000 | H16: 36463 | I16: 36498 | J16: 15000000 | K16: 36583 | L16: 0 | M16: 15000000 | N16: 36595
A17: 2786 | B17: WITHDRAWN | C17: Travis County HFC | D17: Shadow Apts. | E17: Manor, TX | F17: 15000000 | G17: 15000000 | H17: 36455 | I17: 36490 | J17: 15000000 | K17: 36575 | L17: 0 | M17: 15000000 | N17: 36572

Sheet 2004 CF
A1: 2004 TRADITIONAL CARRYFORWARD
C2: 92365295
A3: DOCKET# | B3: STATUS | C3: ISSUER | D3: PROJECT | E3: LOCATION | F3: REQUESTED | G3: RESERVED | H3: DESIGNATION | I3: 35-DAY | J3: CERTIFIED | L3: ALLOCATION | M3: CARRYFORWARD | N3: RELEASE/
A4: or | F4: AMOUNT | G4: AMOUNT | H4: DATE | I4: DEADLINE | J4: AMOUNT | K4: DEADLINE | L4: AMOUNT | M4: ABANDONED | N4: UPDATE
A5: LOT # | N5: DATE
A6: PRIORITY 3
A7: 04CF-003 | B7: CLOSED | C7: TDCHA | D7: Alta Cullen | E7: Houston | F7: 14000000 | G7: 14000000 | H7: 36889 | J7: 14000000 | K7: 37984 | L7: 14000000 | M7: 0 | N7: 37006
A8: 04CF-004 | B8: CF | C8: TDCHA | D8: Waxahachie Senior Apartments | E8: Waxahachie | F8: 10100000 | G8: 10100000 | H8: 36889 | K8: 37984
A9: 04CF-005 | B9: CF | C9: TDCHA | D9: Pleasant Village | E9: Dallas | F9: 6000000 | G9: 6000000 | H9: 36889 | J9: 6000000 | K9: 37984
A10: 04CF-006 | B10: CF | C10: TDCHA | D10: Grove Village | E10: Dallas | F10: 7000000 | G10: 7000000 | H10: 36889 | J10: 7000000 | K10: 37984
A12: PRIORITY 4
A13: 04CF-002 | B13: CF | C13: Gulf Coast WDA | D13: BP Products North America Inc. | E13: Texas City | F13: 50000000 | G13: 50000000 | H13: 36889 | J13: 50000000 | K13: 37984
A15: PRIORITY 5
A16: 04CF-001 | B16: CLOSED | C16: Harris County IDC | D16: Deer Park Refining (Delayed Coker Unit) | E16: Deer Park | F16: 50000000 | G16: 5265295 | H16: 36930 | J16: 5265295 | K16: 38025 | L16: 5200000 | M16: 65295 | N16: 37047
C17: TOTALS | F17: =SUM(F7:F16) -> 137100000 | G17: =SUM(G7:G16) -> 92365295 | J17: =SUM(J7:J16) -> 82265295 | L17: =SUM(L7:L16) -> 19200000 | M17: =SUM(M7:M16) -> 65295
C19: In-Line | F19: =SUM(F17-G17) -> 44734705
C21: Available | F21: 0
A23: 2004 NON-TRADITIONAL LOCAL HFC CARRYFORWARD
A24: DOCKET# | B24: STATUS | C24: ISSUER | D24: PROJECT | E24: LOCATION | F24: REQUESTED | G24: RESERVED | H24: DESIGNATION | I24: 35-DAY | J24: CERTIFIED | L24: ALLOCATION | M24: CARRYFORWARD | N24: RELEASE/
A25: or | F25: AMOUNT | G25: AMOUNT | H25: DATE | I25: DEADLINE | J25: AMOUNT | K25: DEADLINE | L25: AMOUNT | M25: REMAINING | N25: UPDATE
A26: LOT # | N26: DATE
A27: SUBCEILING #1
A28: 2905 | B28: CF | C28: Texoma HFC | D28: SF MRB | E28: 0.9982 | F28: 18910000 | G28: 18910000 | H28: 36750 | I28: =H28+35 -> 36785 | J28: 18910000 | K28: =H28+180 -> 36930 | L28: 0 | M28: 18910000
A29: SUBCEILING #4
A30: RESIDENTIAL RENTAL PROJECTS
A31: 2935 | B31: CLOSED | C31: City of Dallas HFC | D31: Rosemont at Laureland | E31: Dallas, TX | F31: 15000000 | G31: 15000000 | H31: 36762 | I31: =H31+35 -> 36797 | J31: 15000000 | K31: =H31+150 -> 36912 | L31: 15000000 | M31: 0 | N31: 36923
A32: 2938 | B32: CLOSED | C32: City of Dallas HFC | D32: Rosemont at Scyene | E32: Dallas, TX | F32: 15000000 | G32: 15000000 | H32: 36768 | I32: =H32+35 -> 36803 | J32: 15000000 | K32: =H32+150 -> 36918 | L32: 15000000 | M32: 0 | N32: 36925
A33: 2949 | B33: CLOSED | C33: City of Dallas HFC | D33: Cherrycrest Villas | E33: Dallas, TX | F33: 15000000 | G33: 15000000 | H33: 36778 | I33: =H33+35 -> 36813 | J33: 15000000 | K33: =H33+150 -> 36928 | L33: 14400000 | M33: =SUM(J33-L33) -> 600000 | N33: 36932 | O33: 2984
A35: 2915 | B35: CLOSED | C35: Denton County HFC | D35: Lakeside Manor Senior Apts. | E35: Little Elm, TX | F35: 9500000 | G35: 9500000 | H35: 36757 | I35: =H35+35 -> 36792 | J35: 9500000 | K35: =H35+150 -> 36907 | L35: 9500000 | M35: 0 | N35: 36911
A37: 2928 | B37: CLOSED | C37: Garland HFC | D37: Primrose at Crist Apts. | E37: Garland, TX | F37: 15000000 | G37: 15000000 | H37: 36761 | I37: =H37+35 -> 36796 | J37: 15000000 | K37: =H37+150 -> 36911 | L37: 13800000 | M37: =SUM(J37-L37) -> 1200000 | N37: 36921
A39: 2916 | B39: CLOSED | C39: Harris County HFC | D39: The Village on Louetta | E39: Spring, TX | F39: 15000000 | G39: 15000000 | H39: 36757 | I39: =H39+35 -> 36792 | J39: 15000000 | K39: =H39+150 -> 36907 | L39: 7100000 | M39: =SUM(J39-L39) -> 7900000 | N39: 36916
A40: 2917 | B40: CLOSED | C40: Harris County HFC | D40: Pepper Tree Manor | E40: Houston, TX | F40: 15000000 | G40: 15000000 | H40: 36757 | I40: =H40+35 -> 36792 | J40: 15000000 | K40: =H40+150 -> 36907 | L40: 10800000 | M40: =SUM(J40-L40) -> 4200000 | N40: 36918
A41: 2922 | B41: CLOSED | C41: Harris County HFC | D41: Primrose at Bammel Apts | E41: Houston | F41: 15000000 | G41: 15000000 | H41: 36760 | I41: =H41+35 -> 36795 | J41: 15000000 | K41: =H41+150 -> 36910 | L41: 12600000 | M41: =SUM(J41-L41) -> 2400000 | N41: 36918
A42: 2923 | B42: WITHDRAWN | C42: Harris County HFC | D42: Bayview (fka Waters at the Bay Apts.) | E42: Baytown, TX | F42: 15000000 | G42: 15000000 | H42: 36760 | I42: =H42+35 -> 36795 | J42: 15000000 | K42: =H42+150 -> 36910 | L42: 0 | M42: =SUM(J42-L42) -> 15000000 | N42: 36916
A43: 2950 | B43: WITHDRAWN | C43: Harris County HFC | D43: Willowchase Park Townhomes | E43: Houston, TX | F43: 13000000 | G43: 13000000 | H43: 36778 | I43: =H43+35 -> 36813 | J43: 13000000 | K43: =H43+150 -> 36928 | L43: 0 | M43: 13000000 | N43: 36896
A44: 2952 | B44: CLOSED | C44: Harris County HFC | D44: Baypointe Apartments | E44: Webster, TX | F44: 15000000 | G44: 15000000 | H44: 36782 | I44: =H44+35 -> 36817 | J44: 15000000 | K44: =H44+150 -> 36932 | L44: =13600000-'REGION 6'!M54 -> 13450000 | M44: =SUM(J44-L44) -> 1550000 | N44: 36944
A45: 2955 | B45: CLOSED | C45: Harris County HFC | D45: Oak Tree Manor | E45: Houston | F45: 15000000 | G45: 15000000 | H45: 36803 | I45: =H45+35 -> 36838 | J45: 15000000 | K45: =H45+150 -> 36953 | L45: 10500000 | M45: =SUM(J45-L45) -> 4500000 | N45: 36958
A47: 2932 | B47: CLOSED | C47: Houston HFC | D47: Fairlake Cove Apartments (fka Lake Houston Pointe) | E47: Huffman, TX | F47: 15000000 | G47: 15000000 | H47: 36762 | I47: =H47+35 -> 36797 | J47: 15000000 | K47: =H47+150 -> 36912 | L47: 10000000 | M47: =SUM(J47-L47) -> 5000000 | N47: 36922
A49: 2953 | B49: CLOSED | C49: Montgomery County HFC | D49: Park at Woodline Townhomes | E49: Montgomery County | F49: 15000000 | G49: 15000000 | H49: 36783 | I49: =H49+35 -> 36818 | J49: 15000000 | K49: =H49+150 -> 36933 | L49: 15000000 | M49: =SUM(J49-L49) -> 0 | N49: 36939
A51: 2927 | B51: WITHDRAWN | C51: Tarrant County HFC | D51: GP Ranch West Apts. | E51: Grand Prairie, TX | F51: 15000000 | G51: 15000000 | H51: 36760 | I51: =H51+35 -> 36795 | J51: 15000000 | K51: =H51+150 -> 36910 | L51: 0 | M51: =SUM(J51-L51) -> 15000000 | N51: 36925 | O51: 3102
A52: 2942 | B52: CLOSED | C52: Tarrant County HFC | D52: Worthington Apts. | E52: Fort Worth, TX | F52: 15000000 | G52: 15000000 | H52: 36769 | I52: =H52+35 -> 36804 | J52: 15000000 | K52: =H52+150 -> 36919 | L52: 12000000 | M52: =SUM(J52-L52) -> 3000000 | N52: 36924
A53: 2948 | B53: CLOSED | C53: Tarrant County HFC | D53: Evergreen at Keller Senior Apt. Community | E53: Keller, TX | F53: 13945280 | G53: 13945280 | H53: 36778 | I53: =H53+35 -> 36813 | J53: 13945280 | K53: =H53+150 -> 36928 | L53: 13200000 | M53: =SUM(J53-L53) -> 745280 | N53: 36922
A55: 2920 | B55: CLOSED | C55: San Antonio HFC | D55: Rosemont at Pleasanton Apts. | E55: San Antonio, TX | F55: 15000000 | G55: 15000000 | H55: 36757 | I55: =H55+35 -> 36792 | J55: 15000000 | K55: =H55+150 -> 36907 | L55: 13275000 | M55: =SUM(J55-L55) -> 1725000 | N55: 36921 | O55: 3017
A56: 2958 | B56: CLOSED | C56: San Antonio HFC | D56: Willow Bend Apartments | E56: San Antonio | F56: 13800000 | G56: 13800000 | H56: 36806 | I56: =H56+35 -> 36841 | J56: 13800000 | K56: =H56+150 -> 36956 | L56: 13200000 | M56: =SUM(J56-L56) -> 600000 | N56: 36922 | O56: 3017
A58: 2925 | B58: CLOSED | C58: Southeast Texas HFC | D58: Rosemont at Garth Apts. | E58: Baytown, TX | F58: 15000000 | G58: 15000000 | H58: 36760 | I58: =H58+35 -> 36795 | J58: 15000000 | K58: =H58+150 -> 36910 | L58: 14280000 | M58: =SUM(J58-L58) -> 720000 | N58: 36922
A60: 2921 | B60: WITHDRAWN | C60: Victory Street Public Facility Corp. | D60: Providence at Mesa | E60: Houston, TX | F60: 15000000 | G60: 15000000 | H60: 36757 | I60: =H60+35 -> 36792 | J60: 15000000 | K60: =H60+150 -> 36907 | L60: 0 | M60: =SUM(J60-L60) -> 15000000 | N60: 36925
A61: 2933 | B61: CLOSED | C61: Victory Street Public Facility Corp. | D61: Villas at Winkler Senior Homes (fka Providence at Winkler) | E61: Houston, TX | F61: 15000000 | G61: 15000000 | H61: 36762 | I61: =H61+35 -> 36797 | J61: 15000000 | K61: =H61+150 -> 36912 | L61: 11450000 | M61: =SUM(J61-L61) -> 3550000 | N61: 36923
F63: =SUM(F28:F62) -> 339155280 | G63: =SUM(G28:G62) -> 339155280 | J63: =SUM(J28:J62) -> 339155280 | L63: =SUM(L29:L62) -> 224555000 | M63: =SUM(M29:M62) -> 95690280

Sheet 2005 CF
A1: 2005 TRADITIONAL CARRYFORWARD | D1: =SUM(Collapse!F77) -> 130777449
A2: DOCKET# | B2: STATUS | C2: ISSUER | D2: PROJECT | E2: LOCATION | F2: REQUESTED | G2: DESIGNATED | H2: DESGNATION | I2: FEE | J2: CERTIFIED | K2: EXPIRE | L2: ALLOCATION | M2: CARRYFORWARD | N2: RELEASE/
A3: or | F3: AMOUNT | G3: AMOUNT | H3: DATE | I3: DEADLINE | J3: AMOUNT | K3: DEADLINE | L3: AMOUNT | M3: ABANDONED | N3: UPDATE
A4: LOT # | N4: DATE
A5: PRIORITY 3
A6: 05CF-001 | B6: CF | C6: Sabine River Authority | D6: TXU Martin Lake | E6: Rusk | F6: 45000000 | G6: 45000000 | H6: 37275 | I6: =SUM(H6+7) -> 37282 | J6: 45000000 | K6: 38351
A7: 05CF-002 | B7: CF | C7: Sabine River Authority | D7: TXU Monticello | E7: Titus | F7: 3000000 | G7: 3000000 | H7: 37275 | I7: =SUM(H7+7) -> 37282 | J7: 3000000 | K7: 38351
A8: 05CF-003 | B8: CF | C8: Sabine River Authority | D8: TXU Big Brown | E8: Freestone | F8: 2000000 | G8: 2000000 | H8: 37275 | I8: =SUM(H8+7) -> 37282 | J8: 2000000 | K8: 38351
A9: 05CF-004 | B9: CF | C9: Brazos River Authority | D9: TXU Oak Grove | E9: Bremond | F9: 50000000 | G9: 50000000 | H9: 37275 | I9: =SUM(H9+7) -> 37282 | J9: 50000000 | K9: 38351
A10: 05CF-005 | B10: CF | C10: Red River Authority of Texas | D10: Panda Hereford Ethanol, LP | E10: Hereford | F10: 50000000 | G10: 30777449 | H10: 37275 | I10: =SUM(H10+7) -> 37282 | J10: 30777449 | K10: 38351
C11: Texas Dept. of Housing and Community Affairs | E11: SE Texas | F11: 50000000
F12: =SUM(F6:F11) -> 200000000 | G12: =SUM(G6:G10) -> 130777449
A13: 2005 NON-TRADITIONAL CARRYFORWARD
A14: DOCKET# | B14: STATUS | C14: ISSUER | D14: PROJECT | E14: LOCATION | F14: REQUESTED | G14: RESERVED | H14: DESIGNATION | I14: 35-DAY | J14: CERTIFIED | L14: ALLOCATION | M14: CARRYFORWARD | N14: RELEASE/
A15: or | F15: AMOUNT | G15: AMOUNT | H15: DATE | I15: DEADLINE | J15: AMOUNT | K15: DEADLINE | L15: AMOUNT | M15: REMAINING | N15: UPDATE
A16: LOT # | N16: DATE
A18: 3071 | B18: CF | C18: Texas Dept. of Housing and Community Affairs | D18: Rolling Creek Apartments | E18: Houston | F18: 14600000 | G18: 14600000 | H18: 37120 | I18: =SUM(H18+35) -> 37155 | J18: 14600000 | K18: =SUM(H18+150) -> 37270
A19: 3073 | B19: CF | C19: North Central Texas HFC | D19: MCC | F19: 7685000 | G19: 7685000 | H19: 37124 | I19: =H19+35 -> 37159 | J19: 7685000 | K19: =H19+180 -> 37304
A20: 3074 | B20: CF | C20: Montgomery County HFC | D20: MCC | E20: Montgomery County | F20: 3714000 | G20: 3714000 | H20: 37125 | I20: =H20+35 -> 37160 | J20: 3714000 | K20: =H20+180 -> 37305
A21: 3075 | B21: CF | C21: Northwest Central Texas HFC | D21: MCC | F21: 1230000 | G21: 1230000 | H21: 37125 | I21: =H21+35 -> 37160 | J21: 1230000 | K21: =H21+180 -> 37305
A22: 3076 | B22: CF | C22: Southeast Texas HFC | D22: MRB | F22: 25000000 | G22: 25000000 | H22: 37126 | I22: =H22+35 -> 37161 | J22: 25000000 | K22: =H22+180 -> 37306
A23: 3078 | B23: CF | C23: Texas Dept. of Housing and Community Affairs | D23: Willow Creek | E23: Tomball | F23: 14600000 | G23: 14600000 | H23: 37133 | I23: =SUM(H23+35) -> 37168 | J23: 14600000 | K23: =SUM(H23+150) -> 37283
A24: 3079 | B24: CF | C24: Sea Breeze (A Public Facility Corp.) | D24: Sea Breeze Senior Center | E24: Corpus Christi, TX | F24: 7855000 | G24: 7855000 | H24: 37133 | I24: =SUM(H24+35) -> 37168 | J24: 7855000 | K24: =SUM(H24+150) -> 37283
A25: 3085 | B25: CF | C25: San Antonio HFC | D25: Midcrowne Senior Pavilion Apts. | E25: San Antonio | F25: 12500000 | G25: 12500000 | H25: 37161 | I25: =SUM(H25+35) -> 37196 | J25: 12500000 | K25: =SUM(H25+150) -> 37311
A26: 3087 | B26: CF | C26: Texas Dept. of Housing and Community Affairs | D26: Spring Branch on the Park Apartments | E26: Houston | F26: 11000000 | G26: 11000000 | H26: 37168 | I26: =SUM(H26+35) -> 37203 | J26: 11000000 | K26: =SUM(H26+150) -> 37318
A27: 3088 | B27: CF | C27: Texas Dept. of Housing and Community Affairs | D27: Harris Branch Apartments | E27: Austin | F27: 15000000 | G27: 15000000 | H27: 37168 | I27: =SUM(H27+35) -> 37203 | J27: 15000000 | K27: =SUM(H27+150) -> 37318
A28: 3090 | B28: CF | C28: Port Arthur Navigation District IDC | D28: Air Products and Chemicals | E28: Port Arthur | F28: 25000000 | G28: 25000000 | H28: 37173 | I28: =SUM(H28+35) -> 37208 | J28: 25000000 | K28: =SUM(H28+120) -> 37293
A29: 3091 | B29: CF | C29: San Antonio HFC | D29: Potranco Plaza | E29: San Antonio | F29: 15000000 | G29: 15000000 | H29: 37174 | I29: =SUM(H29+35) -> 37209 | J29: 15000000 | K29: =SUM(H29+150) -> 37324
A30: 3092 | B30: CF | C30: Harris County HFC | D30: Arbor Court | E30: Houston | F30: 8000000 | G30: 8000000 | H30: 37176 | I30: =SUM(H30+35) -> 37211 | J30: 8000000 | K30: =SUM(H30+150) -> 37326
A31: 3093 | B31: CF | C31: San Antonio HFC | D31: Heather Glen Apts | E31: San Antonio | F31: 15000000 | G31: 15000000 | H31: 37182 | I31: =SUM(H31+35) -> 37217 | J31: 15000000 | K31: =SUM(H31+150) -> 37332
A32: 3096 | B32: CF | C32: Harris County HFC | D32: Bayview Apartments | E32: Baytown | F32: 13000000 | G32: 13000000 | H32: 37184 | I32: =SUM(H32+35) -> 37219 | J32: 13000000 | K32: =SUM(H32+150) -> 37334
A33: 3100 | B33: CF | C33: Muleshoe EDC | D33: Visser Family Trust Waste Disposal | E33: Muleshoe | F33: 5500000 | G33: 5500000 | H33: 37208 | I33: =SUM(H33+35) -> 37243 | J33: 5500000 | K33: =SUM(H33+120) -> 37328
A34: 3097 | B34: CF | C34: Houston HFC | D34: Villas at Bethel | E34: Houston | F34: 10000000 | G34: 10000000 | H34: 37203 | I34: =SUM(H34+35) -> 37238 | J34: 10000000 | K34: =SUM(H34+150) -> 37353
A35: 3104 | B35: CF | C35: San Antonio HFC | D35: Artisan at Military | E35: San Antonio | F35: 15000000 | G35: 15000000 | H35: 37210 | I35: =SUM(H35+35) -> 37245 | J35: 15000000 | K35: =SUM(H35+150) -> 37360
A36: 3098 | B36: CF | C36: Alamo Area HFC | D36: Comal Gardens Apartments | E36: New Braunfels | F36: 15000000 | G36: 15000000 | H36: 37203 | I36: =SUM(H36+35) -> 37238 | J36: 15000000 | K36: =SUM(H36+150) -> 37353
A37: 3101 | B37: CF | C37: Brazos River Authority | D37: Oak Grove Electric | E37: Bremond | F37: 50000000 | G37: 50000000 | H37: 37208 | I37: =SUM(H37+35) -> 37243 | J37: 50000000 | K37: =SUM(H37+120) -> 37328
A38: 3103 | B38: CF | C38: Tarrant County HFC | D38: Cobblestone Manor Senior Housing Community | E38: Ft. Worth | F38: 13250000 | G38: 13250000 | H38: 37210 | I38: =SUM(H38+35) -> 37245 | J38: 13250000 | K38: =SUM(H38+150) -> 37360
A39: 3118 | B39: CF | C39: Bastrop HFC | D39: Townparc at Bastrop | E39: Bastrop | F39: 15000000 | G39: 15000000 | H39: 37216 | I39: =SUM(H39+35) -> 37251 | J39: 15000000 | K39: =SUM(H39+150) -> 37366
A40: 3119 | B40: CF | C40: Houston HFC | D40: North Oaks Apartments | E40: Houston | F40: 15000000 | G40: 15000000 | H40: 37217 | I40: =SUM(H40+35) -> 37252 | J40: 15000000 | K40: =SUM(H40+150) -> 37367
A41: 3106 | B41: CF | C41: Montgomery County HFC | D41: Conroe Lodge at Silverdale Apartment Homes | E41: Conroe | F41: 7945000 | G41: 7945000 | H41: 37211 | I41: =SUM(H41+35) -> 37246 | J41: 7945000 | K41: =SUM(H41+150) -> 37361
A42: 3107 | B42: CF | C42: Texas Dept. of Housing and Community Affairs | D42: Creekside Manor | E42: Killeen | F42: 10500000 | G42: 10500000 | H42: 37212 | I42: =SUM(H42+35) -> 37247 | J42: 10500000 | K42: =SUM(H42+150) -> 37362
A43: 3117 | B43: CF | C43: Texas Dept. of Housing and Community Affairs | D43: Ennis Senior Estates | E43: Ennis | F43: 10000000 | G43: 10000000 | H43: 37215 | I43: =SUM(H43+35) -> 37250 | J43: 10000000 | K43: =SUM(H43+150) -> 37365
A44: 3108 | B44: CF | C44: Bexar County HFC | D44: Marbach Manor Apartments | E44: San Antonio | F44: 4500000 | G44: 4500000 | H44: 37212 | I44: =SUM(H44+35) -> 37247 | J44: 4500000 | K44: =SUM(H44+150) -> 37362
A45: 3109 | B45: CF | C45: Texas Dept. of Housing and Community Affairs | D45: Skyline at Park City Apartments | E45: Houston | F45: 13300000 | G45: 13300000 | H45: 37212 | I45: =SUM(H45+35) -> 37247 | J45: 13300000 | K45: =SUM(H45+150) -> 37362
A46: 3120 | B46: CF | C46: Texas Dept. of Housing and Community Affairs | D46: The Park at Oak Grove | E46: Fort Worth | F46: 13700000 | G46: 13700000 | H46: 37222 | I46: =SUM(H46+35) -> 37257 | J46: 13700000 | K46: =SUM(H46+150) -> 37372
A47: 3112 | B47: CF | C47: Texas Dept. of Housing and Community Affairs | D47: Bella Vista Apartments | E47: Gainesville | F47: 6850000 | G47: 6850000 | H47: 37212 | I47: =SUM(H47+35) -> 37247 | J47: 6850000 | K47: =SUM(H47+150) -> 37362
A48: 3113 | B48: CF | C48: Texas Dept. of Housing and Community Affairs | D48: Village Park Apartments | E48: Houston | F48: 15000000 | G48: 15000000 | H48: 37212 | I48: =SUM(H48+35) -> 37247 | J48: 15000000 | K48: =SUM(H48+150) -> 37362
A49: 3114 | B49: CF | C49: Texas Dept. of Housing and Community Affairs | D49: Generations at Mansfield Apartments | E49: Mansfield | F49: 16100000 | G49: 16100000 | H49: 37215 | I49: =SUM(H49+35) -> 37250 | J49: 16100000 | K49: =SUM(H49+150) -> 37365
A50: 3115 | B50: CF | C50: Texas Dept. of Housing and Community Affairs | D50: Havens at Mansfield | E50: Mansfield | F50: 14600000 | G50: 14600000 | H50: 37215 | I50: =SUM(H50+35) -> 37250 | J50: 14600000 | K50: =SUM(H50+150) -> 37365
A51: 3116 | B51: CF | C51: Red River Authority of Texas | D51: Panda Hereford Ethanol, LP | E51: Hereford | F51: 40000000 | G51: 40000000 | H51: 37215 | I51: =SUM(H51+35) -> 37250 | J51: 40000000 | K51: =SUM(H51+120) -> 37335
A52: 3122 | B52: CF | C52: Tarrant County HFC | D52: Lindbergh Parc Senior Apartments | E52: Fort Worth | F52: 14000000 | G52: 14000000 | H52: 37225 | I52: =SUM(H52+35) -> 37260 | J52: 14000000 | K52: =SUM(H52+150) -> 37375
A53: 3121 | B53: CF | C53: Texas Dept. of Housing and Community Affairs | D53: The Oakmoor Apartments | E53: Houston | F53: 15000000 | G53: 15000000 | H53: 37222 | I53: =SUM(H53+35) -> 37257 | J53: 15000000 | K53: =SUM(H53+150) -> 37372
A54: 3124 | B54: CF | C54: Tarrant County HFC | D54: MRB | E54: Tarrant County | F54: 25000000 | G54: =SUM(F54*0.4) -> 10000000 | H54: 37225 | I54: =SUM(H54+35) -> 37260 | J54: 10000000 | K54: =H54+180 -> 37405
A55: 3125 | B55: CF | C55: Harris County IDC | D55: Shell Delayed Coker Unit | E55: Deer Park | F55: 25000000 | G55: 25000000 | H55: 37225 | I55: =SUM(H55+35) -> 37260 | K55: =SUM(H55+120) -> 37345
F56: =SUM(F18:F55) -> 559429000 | G56: =SUM(G18:G55) -> 544429000 | J56: =SUM(J18:J55) -> 519429000 | L56: =SUM(L18:L55) -> 0 | M56: =SUM(M18:M55) -> 0
G59: =SUM(G56+G12) -> 675206449

Sheet Bond Buyer
B6: 2006 | C6: 2005 | D6: 2004 | E6: 2003 | F6: 2002* | G6: 2001*
B7: Submission | C7: Submission | D7: Submission | E7: Submission
A8: 2005 Cap | B8: 1828797440 | C8: 1799201760 | D8: 1769480721 | E8: 1633491975 | F8: 1599376350 | G8: 1303238750
A9: Carryforward to CY | B9: =C34+C32+C33 -> 940721729 | C9: 7.9945776e+08 | D9: 3.8520403e+08 | E9: 1.9269452e+08 | F9: 63200000 | G9: 19066155
A10: Total Capacity | B10: =SUM(B8:B9) -> 2769519169 | C10: =SUM(C8:C9) -> 2.5986595e+09 | D10: =SUM(D8:D9) -> 2.1546848e+09 | E10: =SUM(E8:E9) -> 1.8261865e+09 | F10: =SUM(F8:F9) -> 1662576350 | G10: =SUM(G8:G9) -> 1322304905
A12: Percentage over cap | C12: =SUM(C10/C8) -> 1.4443402 | D12: =SUM(D10/D8) -> 1.2176933 | E12: =SUM(E10/E8) -> 1.1179648
A13: Growth relative to 2003 cap | C13: =SUM(C8/$E8) -> 1.1014451 | D13: =SUM(D8/$E8) -> 1.0832503 | E13: =SUM(E8/$E8) -> 1
A14: Growth relative to 2002 CF | C14: =SUM(C9/$E9) -> 4.148835 | D14: =SUM(D9/$E9) -> 1.9990399 | E14: =SUM(E9/$E9) -> 1
A15: Growth compared to total | C15: =SUM(C10/$E10) -> 1.4229979 | D15: =SUM(D10/$E10) -> 1.1798821 | E15: =SUM(E10/$E10) -> 1
A17: Mortgage Revenue Bonds | C17: ='SC1 MRB'!N18+'SC1 MRB'!N19+'SC1 MRB'!N22+Collapse!L16 -> 75815311 | D17: 303875370 | E17: 166861717 | F17: 4.5339666e+08 | G17: 4.1847591e+08
A18: CF used | C18: 0 | D18: 0 | E18: 10450000 | F18: 0 | G18: 0
A19: Mortgage Credit Certificates | C19: ='SC1 MRB'!N15+'SC1 MRB'!N17+'SC1 MRB'!N20+'SC1 MRB'!N21 -> 197530000 | D19: 48528775 | E19: 94209746 | F19: 0 | G19: 0
A20: Multifamily Housing | C20: =Totals!H14+Collapse!L65+Collapse!L36+Collapse!L47+'SC4 MF- TDHCA'!L46-'SC4 MF- TDHCA'!M66 -> 108950000 | D20: 384700000 | E20: 388626000 | F20: 365185169 | G20: 319584000
A21: CF used | C21: ='2004 CF'!L63+'2004 CF'!L7+'2004 CF'!M33+'2004 CF'!M51+'2004 CF'!M55+'2004 CF'!M56+'SC4 TSAHC'!L15+'SC4 MF- TDHCA'!J66+'REGION 6'!M54 -> 428150000 | D21: 97550000 | E21: 123550000 | F21: 0 | G21: 0
A22: Housing Not Broken out | C22: 0 | D22: 0 | E22: 0 | F22: 0 | G22: 0
A23: IDBs | C23: ='SC3 Small Issue IDBs'!L11 -> 4225000 | D23: 10000000 | E23: 3700000 | F23: 0 | G23: 0
A24: CF | C24: ='2003 CF'!L8 -> 3000000 | D24: 0 | E24: 0 | F24: 0 | G24: 0
A25: Exempt Facilities | C25: =Totals!J14+Collapse!L15 -> 139425000 | D25: 189355000 | E25: 3.9147666e+08 | F25: 391800000 | G25: 384205000
A26: CF | C26: ='2004 CF'!L16 -> 5200000 | D26: 0 | E26: 22108338 | F26: 0
A27: Student Loans | C27: ='SC5 Student Loans'!L12+Collapse!L23+Collapse!L24+Collapse!L27 -> 598050000 | D27: 296200000 | E27: 140000000 | F27: 139500000 | G27: 136840000
A28: CF | C28: ='SC5 Student Loans'!L19 -> 58000000 | D28: 0 | E28: 0 | F28: 0 | G28: 0
A29: State Voted Issues | C29: 0 | D29: 25000000 | E29: 100000000 | F29: 120000000 | G29: 0
A30: Carryforward Abandoned | C30: ='2002 CF'!M13+'2004 CF'!M16+0.55+2941000 -> 39592477 | D30: 17849.55 | E30: 0 | F30: 0
D31: 36651476
A32: 2003 CF | C32: ='2003 CF'!G7+'2003 CF'!M14+'2003 CF'!M16+'2003 CF'!M17 -> 95000000 | D32: ='2003 CF'!G10+'2003 CF'!M14+'2003 CF'!M16+'2003 CF'!M17 -> 98000000
A33: 2004 CF | C33: =169775280+'SC4 TSAHC'!M15 -> 170515280 | D33: 661780575
A34: CF to next year | C34: ='2005 CF'!G59 -> 675206449 | E34: 3.8520403e+08 | F34: 1.9269452e+08 | G34: 63200000
B35: =SUM(B17:B34) -> 0 | C35: =SUM(C17:C34) -> 2.5986595e+09 | D35: =SUM(D17:D34) -> 2.151659e+09 | E35: =SUM(E17:E34) -> 1.8261865e+09 | F35: =SUM(F17:F34) -> 1662576350 | G35: =SUM(G17:G34) -> 1.3223049e+09
A38: * Carryforwards are Estimated for 2002 & 2001
C39: =SUM(C10-C35) -> 0 | D39: =SUM(D10-D35) -> 3025706.5
C40: =SUM(C39/C10) -> 0
B42: 2005 Cap | C42: =SUM(C17+C19+C20+C22+C23+C25+C27+C29+C34) -> 1799201760 | D42: =SUM(C42-C8) -> 0
B43: Total carryforward | C43: =SUM(C18+C21+C24+C26+C28+C30+C32+C33) -> 7.9945776e+08 | D43: =SUM(C43-C9) -> 0
C45: =SUM(C20:C21) -> 537100000 | D45: =SUM(D20:D21) -> 482250000 | E45: =SUM(E20:E21) -> 512176000 | F45: =SUM(F20:F21) -> 365185169 | G45: =SUM(G20:G21) -> 319584000
C47: =SUM(C8-C34) -> 1123995311 | D47: =SUM(D31:D33) -> 7.9643205e+08
C48: =SUM(D8-D33) -> 1107700146

Sheet SC1 MRB
A1: SUBCEILING #1 | C1: 503776493 | I1: LOCALS = | J1: =C1-J2-J3-J4 -> 2.85851e+08 | P1: =Totals!D2 -> 36893
A2: MORTGAGE REVENUE BONDS | I2: TDHCA (1/3) = | J2: =SUM(C1/3*1) -> 1.679255e+08
I3: TSAHC= | J3: 25000000
I4: TSAHC= | J4: 25000000
A6: DOCKET# | B6: STATUS | C6: ISSUER | D6: PROJECT | E6: LOCATION | F6: REQUESTED | G6: UTILIZATION | H6: ELLIGIBLE | I6: RESERVED | J6: RESERVATION | K6: 35-DAY | L6: CERTIFIED | M6: 180-DAY | N6: ALLOCATION | O6: RELEASED | P6: RELEASE/
A7: or | F7: AMOUNT | G7: PERCENTAGE | H7: AMOUNT | I7: AMOUNT | J7: DATE | K7: DEADLINE | L7: AMOUNT | M7: DEADLINE | N7: AMOUNT | O7: AMOUNT | P7: UPDATE
A8: LOT # | P8: DATE
A9: 2971 | B9: WITHDRAWN | C9: Hidalgo/Willacy HFC | D9: MRB | F9: 25000000 | G9: 0.4717 | H9: =ROUND(SUM(F9*G9),0) -> 11792500 | I9: 11792500 | J9: 36896 | K9: =J9+35 -> 36931 | L9: 0 | M9: =J9+180 -> 37076 | N9: 0 | O9: =SUM(I9-L9) -> 11792500 | P9: 36929
A10: 2976 | B10: WITHDRAWN | C10: Lubbock HFC | D10: MRB | E10: Lubbock | F10: 19978200 | G10: 0.9653 | H10: 19978200 | I10: 19978200 | J10: 36900 | K10: =J10+35 -> 36935 | L10: 0 | M10: =J10+180 -> 37080 | N10: 0 | O10: =SUM(I10-L10) -> 19978200 | P10: 36924
A11: 2979 | B11: WITHDRAWN | C11: Northeast Texas HFC | D11: MRB | F11: 21585530 | G11: =15700/18455 -> 0.85071796 | H11: =ROUND(SUM(F11*G11),0) -> 18363198 | I11: 18363198 | J11: 36900 | K11: =J11+35 -> 36935 | L11: 18363198 | M11: =J11+180 -> 37080 | N11: 0 | O11: =SUM(I11-N11) -> 18363198 | P11: 37082
A12: 2991 | B12: RESERVED | C12: West Central Texas Regional HFC | D12: MRB | F12: 22780136 | G12: 0.7459 | H12: =ROUND(SUM(F12*G12),0) -> 16991703 | I12: 16991703 | J12: 36910 | K12: =J12+35 -> 36945 | L12: 16991703 | M12: =J12+180 -> 37090 | N12: 0 | O12: =SUM(I12-N12) -> 16991703 | P12: 37082
A13: 2992 | B13: WITHDRAWN | C13: South Plains HFC | D13: MRB | F13: 18915350 | G13: 1 | H13: =ROUND(SUM(F13*G13),0) -> 18915350 | I13: 18915350 | J13: 36910 | K13: =J13+35 -> 36945 | L13: 0 | M13: =J13+180 -> 37090 | N13: 0 | O13: =SUM(I13-L13) -> 18915350 | P13: 36943
A14: 2993 | B14: WITHDRAWN | C14: Permian Basin Regional HFC | D14: MRB | F14: 16000000 | G14: 1 | H14: =ROUND(SUM(F14*G14),0) -> 16000000 | I14: 16000000 | J14: 36914 | K14: =J14+35 -> 36949 | L14: 0 | M14: =J14+180 -> 37094 | N14: 0 | O14: =SUM(I14-N14) -> 16000000 | P14: 36949
A15: 2994 | B15: CLOSED | C15: Fort Bend County HFC | D15: MCC | F15: 22737015 | G15: =5074649.5/11837500 -> 0.42869267 | H15: =ROUND(SUM(F15*G15),0) -> 9747192 | I15: 9747192 | J15: 36915 | K15: =J15+35 -> 36950 | L15: 9747192 | M15: =J15+180 -> 37095 | N15: 4800000 | O15: =SUM(I15-N15) -> 4947192 | P15: 37030
A16: 3004 | B16: WITHDRAWN | C16: Odessa HFC | D16: MRB | E16: Odessa | F16: 13641450 | G16: =6894320/10006000 -> 0.68901859 | H16: =ROUND(SUM(F16*G16),0) -> 9399213 | I16: 9399213 | J16: 36921 | K16: =J16+35 -> 36956 | L16: 0 | M16: =J16+180 -> 37101 | N16: 0 | O16: =SUM(I16-L16) -> 9399213 | P16: 36953
A17: 2983 | B17: CLOSED | C17: Texas Dept. of Housing and Community Affairs | D17: MCC | E17: Texas | F17: 60000000 | H17: 60000000 | I17: 60000000 | J17: 36903 | K17: =J17+35 -> 36938 | L17: 60000000 | M17: =J17+180 -> 37083 | N17: 60000000 | O17: 0 | P17: 36937
A18: 3050 | B18: CLOSED | C18: Texas State Affordable Housing Corporation | D18: MRB | E18: Educators | F18: 25000000 | H18: 25000000 | I18: 25000000 | J18: 37056 | K18: =J18+35 -> 37091 | L18: 25000000 | M18: =J18+180 -> 37236 | N18: 24999936 | O18: =SUM(I18-N18) -> 64 | P18: 37114
A19: 3052 | B19: CLOSED | C19: Houston HFC | D19: MRB | E19: Houston | F19: 13250000 | H19: 13250000 | I19: 13250000 | J19: 37058 | K19: =J19+35 -> 37093 | L19: 13250000 | M19: =J19+180 -> 37238 | N19: 13018762 | O19: =SUM(I19-N19) -> 231237.5 | P19: 37100
A20: 3057 | B20: CLOSED | C20: Texas Dept. of Housing and Community Affairs | D20: MCC/MRB | E20: Texas | F20: 107925498 | H20: 107925498 | I20: 107925498 | J20: 37084 | K20: =J20+35 -> 37119 | L20: 107925498 | M20: =J20+180 -> 37264 | N20: =60000000+44000000+3730000 -> 107730000 | O20: =SUM(I20-N20) -> 195498 | P20: 37240
A21: 3065 | B21: CLOSED | C21: Harris County HFC | D21: MCC | E21: Harris County | F21: 25000000 | G21: 0.955 | H21: 25000000 | I21: 25000000 | J21: 37097 | K21: =J21+35 -> 37132 | L21: 25000000 | M21: =J21+180 -> 37277 | N21: 25000000 | O21: 0 | P21: 37104
A22: 3066 | B22: CLOSED | C22: Texas State Affordable Housing Corporation | D22: MRB | E22: Civil Service | F22: 25000000 | G22: =9157717/23028930 -> 0.39766142 | H22: 25000000 | I22: 25000000 | J22: 37106 | K22: =J22+35 -> 37141 | L22: 25000000 | M22: =J22+180 -> 37286 | N22: 12804612 | O22: =SUM(I22-N22) -> 12195388 | P22: 37194
C24: TOTALS | F24: =SUM(F9:F23) -> 416813179 | H24: =SUM(H9:H23) -> 377362854 | I24: =SUM(I9:I23) -> 377362854 | L24: =SUM(L9:L23) -> 301277591 | N24: =SUM(N9:N23) -> 248353311 | O24: =SUM(O9:O23) -> 129009543
C26: In-Line | F26: =F24-I24 -> 39450325
C28: Available | F28: =C1-I24+O24 -> 255423182 | N28: =SUM(N24+Collapse!L16) -> 273345311

Sheet SC2 State Voted
A1: SUBCEILING #2 | C1: 143936141 | N1: ='SC1 MRB'!P1 -> 36893
A2: STATE VOTED ISSUES
A4: DOCKET# | B4: STATUS | C4: ISSUER | D4: PROJECT | E4: LOCATION | F4: REQUESTED | G4: RESERVED | H4: RESERVATION | I4: 35-DAY | J4: CERTIFIED | K4: 180-DAY | L4: ALLOCATION | M4: RELEASED | N4: RELEASE/
A5: or | F5: AMOUNT | G5: AMOUNT | H5: DATE | I5: DEADLINE | J5: AMOUNT | K5: DEADLINE | L5: AMOUNT | M5: AMOUNT | N5: UPDATE
A6: LOT # | N6: DATE
B8: No applicants
C10: TOTALS | F10: =SUM(F8:F9) -> 0 | G10: =SUM(G8:G9) -> 0 | J10: =SUM(J8:J9) -> 0 | L10: =SUM(L8:L9) -> 0 | M10: =SUM(M8:M9) -> 0
C12: In-Line | F12: =SUM(F10-G10) -> 0
C14: Available | F14: =C1-G10+M10 -> 143936141

Sheet SC3 Small Issue IDBs
A1: SUBCEILING #3 | C1: 35984035 | I1: LOCALS = | J1: =C1-J2 -> 23989357 | N1: ='SC1 MRB'!P1 -> 36893
A2: QUALIFIED SMALL ISSUE | I2: TAFA (1/3) = | J2: =SUM(C1/3*1) -> 11994678 | K2: until June 1
A4: DOCKET# | B4: STATUS | F4: REQUESTED | G4: RESERVED | H4: RESERVATION | I4: 35-DAY | J4: CERTIFIED | K4: 120-DAY | L4: ALLOCATION | M4: RELEASED | N4: RELEASE/
A5: or | F5: AMOUNT | G5: AMOUNT | H5: DATE | I5: DEADLINE | J5: AMOUNT | K5: DEADLINE | L5: AMOUNT | M5: AMOUNT | N5: UPDATE
A6: LOT # | C6: ISSUER | D6: PROJECT | E6: LOCATION | N6: DATE
A8: 3010 | B8: CLOSED | C8: Hale County IDC | D8: Plainview Peanuts | E8: Plainview | F8: 1000000 | G8: 1000000 | H8: 36925 | I8: =SUM(H8+35) -> 36960 | J8: 1000000 | K8: =SUM(H8+120) -> 37045 | L8: 1000000 | M8: 0 | N8: 36980
A9: 3022 | B9: CLOSED | C9: IDC of Greenville | D9: Dame Brothers LP Manufacturing Facility | E9: Greenville | F9: 3225000 | G9: 3225000 | H9: 36980 | I9: =SUM(H9+35) -> 37015 | J9: 3225000 | K9: =SUM(H9+120) -> 37100 | L9: 3225000 | M9: 0 | N9: 37006
C11: TOTALS | F11: =SUM(F7:F10) -> 4225000 | G11: =SUM(G7:G10) -> 4225000 | J11: =SUM(J7:J10) -> 4225000 | L11: =SUM(L7:L10) -> 4225000 | M11: =SUM(M7:M10) -> 0
C13: In-Line | F13: =SUM(F11-G11) -> 0
C15: Available | F15: =+C1-G11+M11 -> 31759035

Sheet SC4 TSAHC
A1: SUBCEILING #4 | C1: 39582439 | N1: 36630
A2: RESIDENTIAL RENTAL PROJECTS
A4: DOCKET# | B4: STATUS | C4: ISSUER | D4: PROJECT | E4: LOCATION | F4: REQUESTED | G4: RESERVED | H4: RESERVATION | I4: 35-DAY | J4: CERTIFIED | K4: 150-DAY | L4: ALLOCATION | M4: RELEASED | N4: RELEASE/
A5: or | F5: AMOUNT | G5: AMOUNT | H5: DATE | I5: DEADLINE | J5: AMOUNT | K5: DEADLINE | L5: AMOUNT | M5: AMOUNT | N5: UPDATE
A6: LOT# | N6: DATE
C9: TOTALS | F9: =SUM(F7:F8) -> 0 | G9: =SUM(G7:G8) -> 0 | J9: =SUM(J7:J8) -> 0 | L9: =SUM(L7:L8) -> 0 | M9: =SUM(M7:M8) -> 0
C11: In-Line | F11: =SUM(F9-G9) -> 0
C13: Available | F13: =SUM(C1-F9) -> 39582439
A15: 2904 | B15: CLOSED | C15: TSAHC | D15: Providence at Marshall Meadows | E15: San Antonio | F15: 15000000 | G15: 15000000 | H15: 36748 | I15: =H15+35 -> 36783 | J15: 15000000 | K15: =H15+150 -> 36898 | L15: 14260000 | M15: =SUM(J15-L15) -> 740000 | N15: 36903
F17: =SUM(F13+M15) -> 40322439

Sheet SC4 MF- TDHCA
A1: SUBCEILING #4 | C1: 79164878 | N1: ='SC1 MRB'!P1 -> 36893
A2: RESIDENTIAL RENTAL PROJECTS
A4: DOCKET# | B4: Status | C4: ISSUER | D4: PROJECT | E4: LOCATION | F4: REQUESTED | G4: RESERVED | H4: RESERVATION | I4: 35-DAY | J4: CERTIFIED | K4: 150-DAY | L4: ALLOCATION | M4: RELEASED | N4: RELEASE/
A5: or | F5: AMOUNT | G5: AMOUNT | H5: DATE | I5: DEADLINE | J5: AMOUNT | K5: DEADLINE | L5: AMOUNT | M5: AMOUNT | N5: UPDATE
A6: LOT# | N6: DATE
A7: PRIORITY 1
A8: 21 | B8: WITHDRAWN | C8: TDHCA | D8: Providence Place Apartments | E8: Katy | F8: 9000000 | G8: 0 | H8: 36893 | J8: 0 | L8: 0 | M8: 0 | N8: 36895
A9: 2970 | B9: WITHDRAWN | C9: TDHCA | D9: Church Village | E9: Dickinson | F9: 1250000 | G9: 1250000 | H9: 36895 | I9: =SUM(H9+35) -> 36930 | J9: 1250000 | K9: =SUM(H9+150) -> 37045 | L9: 0 | M9: =SUM(G9-0) -> 1250000 | N9: 36980
A10: 2977 | B10: WITHDRAWN | C10: TDHCA | D10: Webber Gardens Apartments | E10: Fort Worth | F10: 3500000 | G10: 3500000 | H10: 36900 | I10: =SUM(H10+35) -> 36935 | J10: 3500000 | K10: =SUM(H10+150) -> 37050 | L10: 0 | M10: =SUM(G10-0) -> 3500000 | N10: 36980
A11: 2978 | B11: CANCELLED | C11: TDHCA | D11: Providence at UT Southwestern Apts. | E11: Dallas | F11: 12750000 | G11: 12750000 | H11: 36900 | I11: =SUM(H11+35) -> 36935 | J11: 0 | K11: =SUM(H11+150) -> 37050 | L11: 0 | M11: =SUM(G11-0) -> 12750000
A12: 62 | B12: WITHDRAWN | C12: TDHCA | D12: Lafayette Oaks Apartments | E12: Missouri City | F12: 12500000 | G12: 0 | H12: 36907 | J12: 0 | L12: 0 | M12: 0 | N12: 36895
A13: 2987 | B13: WITHDRAWN | C13: TDHCA | D13: Rosemont at Fossil Creek Apartments | E13: Haltom | F13: 14100000 | G13: 14100000 | H13: 36909 | I13: =SUM(H13+35) -> 36944 | J13: 0 | K13: =SUM(H13+150) -> 37059 | L13: 0 | M13: =SUM(G13-0) -> 14100000 | N13: 36914
A14: 2995 | B14: WITHDRAWN | C14: TDHCA | D14: Falfurrias Village | E14: Falfurrias | F14: 1500000 | G14: 1500000 | H14: 36915 | I14: =SUM(H14+35) -> 36950 | J14: 1500000 | K14: =SUM(H14+150) -> 37065 | L14: 0 | M14: =SUM(G14-0) -> 1500000 | N14: 36980
A15: 75 | B15: WITHDRAWN | C15: TDHCA | D15: Portland Contessa Apartments | E15: Portland | F15: 2650000 | G15: 0 | H15: 36914 | J15: 0 | L15: 0 | M15: =SUM(G15-0) -> 0 | N15: 36895
A16: 3005 | B16: WITHDRAWN | C16: TDHCA | D16: Donna Village | E16: Donna | F16: 1200000 | G16: 1200000 | H16: 36921 | I16: =SUM(H16+35) -> 36956 | J16: 1200000 | K16: =SUM(H16+150) -> 37071 | L16: 0 | M16: =SUM(G16-0) -> 1200000 | N16: 36980
A17: 40 | B17: WITHDRAWN | C17: TDHCA | D17: Lakecrest Apartments | E17: Katy | F17: 15000000 | G17: 0 | H17: 36921 | J17: 0 | L17: 0 | M17: 0 | N17: 36895
A18: 91 | B18: WITHDRAWN | C18: TDHCA | D18: Rosemont at Lasater Apartments | E18: Balch Springs | F18: 15000000 | G18: 0 | J18: 0 | L18: 0 | M18: 0 | N18: 36909
A19: 109 | B19: WITHDRAWN | C19: TDHCA | D19: The Fred L. Landers Senior Community Apartments | E19: Dallas | F19: 6500000 | G19: 0 | J19: 0 | L19: 0 | M19: 0 | N19: 36909
A20: 124 | B20: WITHDRAWN | C20: TDHCA | D20: Aventine at Mesquite Apartments | E20: Mesquite | F20: 15000000 | G20: 0 | J20: 0 | L20: 0 | M20: 0 | N20: 36909
A21: 129 | B21: WITHDRAWN | C21: TDHCA | D21: Villas at Henderson Place | E21: Cleburne | F21: 10500000 | G21: 0 | J21: 0 | L21: 0 | M21: 0 | N21: 36909
A22: 2996 | B22: CLOSED | C22: TDHCA | D22: Lafayette Village Apartments | E22: Houston | F22: 15000000 | G22: 15000000 | H22: 36915 | I22: =SUM(H22+35) -> 36950 | J22: 15000000 | K22: =SUM(H22+150) -> 37065 | L22: 14100000 | M22: =SUM(G22-L22) -> 900000 | N22: 37058
A23: 05-148 | B23: WITHDRAWN | C23: TDHCA | D23: Meadow Oaks Estates | E23: Corinth | F23: 15000000 | G23: 0 | J23: 0 | L23: 0 | M23: 0 | N23: 36909
A24: 05-149 | B24: WITHDRAWN | C24: TDHCA | D24: Primrose at Frisco Apartments | E24: Frisco | F24: 15000000 | G24: 0 | J24: 0 | L24: 0 | M24: 0 | N24: 36909
A25: 05-150 | B25: CANCELLED | C25: TDHCA | D25: Willow Creek | E25: Tomball | F25: 14100000 | G25: 0 | J25: 0 | L25: 0 | M25: 0 | N25: 36917
A26: 05-151 | B26: WITHDRAWN | C26: TDHCA | D26: Woodland Park Estates | E26: Garland | F26: 15000000 | G26: 0 | J26: 0 | L26: 0 | M26: 0 | N26: 36917
A27: 05-153 | B27: CANCELLED | C27: TDHCA | D27: Evergreen at Rowlett | E27: Rowlett | F27: 15000000 | G27: 0 | J27: 0 | L27: 0 | M27: 0 | N27: 36921
A28: 05-154 | B28: CANCELLED | C28: TDHCA | D28: Evergreen at Pecan Hollow | E28: Murphy | F28: 15000000 | G28: 0 | J28: 0 | L28: 0 | M28: 0 | N28: 36930
A29: 05-155 | B29: CANCELLED | C29: TDHCA | D29: Evergreen at Murphy | E29: Murphy | F29: 15000000 | G29: 0 | J29: 0 | L29: 0 | M29: 0 | N29: 36930
A30: 3014 | B30: WITHDRAWN | C30: TDHCA | D30: Lafayette Chase Apartments | E30: Houston | F30: 12500000 | G30: 12500000 | H30: 36951 | I30: =SUM(H30+35) -> 36986 | J30: 12500000 | K30: =SUM(H30+150) -> 37101 | L30: 0 | M30: =SUM(G30-0) -> 12500000 | N30: 37013
A31: 05-164 | B31: WITHDRAWN | C31: TDHCA | D31: Alta Northgate | E31: Houston | F31: 14100000 | G31: 0 | J31: 0 | L31: 0 | M31: 0 | N31: 36984
A32: 3024 | B32: CLOSED | C32: TDHCA | D32: Park Manor Senior Community | E32: Sherman | F32: 10400000 | G32: 10400000 | H32: 36985 | I32: =SUM(H32+35) -> 37020 | J32: 10400000 | K32: =SUM(H32+150) -> 37135 | L32: 10400000 | M32: 0 | N32: 37132
A33: 3025 | B33: WITHDRAWN | C33: TDHCA | D33: Villas at Henderson Place | E33: Cleburne | F33: 12000000 | G33: 12000000 | H33: 36985 | I33: =SUM(H33+35) -> 37020 | J33: 12000000 | K33: =SUM(H33+150) -> 37135 | L33: 0 | M33: =SUM(G33-0) -> 12000000 | N33: 37082
A34: 3029 | B34: CLOSED | C34: TDHCA | D34: Providence Mockingbird | E34: Dallas | F34: 15000000 | G34: 15000000 | H34: 36986 | I34: =SUM(H34+35) -> 37021 | J34: 15000000 | K34: =SUM(H34+150) -> 37136 | L34: 14360000 | M34: =SUM(G34-L34) -> 640000 | N34: 37142
A35: 3026 | B35: CLOSED | C35: TDHCA | D35: Prairie Ranch | E35: Grand Prairie | F35: 13000000 | G35: 13000000 | H35: 36985 | I35: =SUM(H35+35) -> 37020 | J35: 13000000 | K35: =SUM(H35+150) -> 37135 | L35: 12200000 | M35: =SUM(G35-L35) -> 800000 | N35: 7/121/2005
A36: 3027 | B36: CLOSED | C36: TDHCA | D36: St. Augustine Estate | E36: Dallas | F36: 10000000 | G36: 10000000 | H36: 36985 | I36: =SUM(H36+35) -> 37020 | J36: 10000000 | K36: =SUM(H36+150) -> 37135 | L36: 7650000 | M36: =SUM(G36-L36) -> 2350000 | N36: 37132
A37: 3035 | B37: CLOSED | C37: TDHCA | D37: The Plaza at Chase Oaks Apartments | E37: Plano | F37: 15000000 | G37: 15000000 | H37: 37013 | I37: =SUM(H37+35) -> 37048 | J37: 15000000 | K37: =SUM(H37+150) -> 37163 | L37: 14250000 | M37: =SUM(G37-L37) -> 750000 | N37: 37147
A38: 3036 | B38: WITHDRAWN | C38: TDHCA | D38: Providence at Marine Creek | E38: Fort Worth | F38: 15000000 | G38: 15000000 | H38: 37013 | I38: =SUM(H38+35) -> 37048 | J38: 15000000 | K38: =SUM(H38+150) -> 37163 | L38: 0 | M38: =SUM(G38-L38) -> 15000000 | N38: 37161
A39: 3048 | B39: WITHDRAWN | C39: TDHCA | D39: Providence Place Apartments II | E39: Denton | F39: 15000000 | G39: 15000000 | H39: 37051 | I39: =SUM(H39+35) -> 37086 | J39: 15000000 | K39: =SUM(H39+150) -> 37201 | L39: 0 | M39: =SUM(G39-L39) -> 15000000 | N39: 37196
A40: 3046 | B40: CLOSED | C40: TDHCA | D40: Canal Place Apartments | E40: Houston | F40: 15000000 | G40: 15000000 | H40: 37049 | I40: =SUM(H40+35) -> 37084 | J40: 15000000 | K40: =SUM(H40+150) -> 37199 | L40: 15000000 | M40: 0 | N40: 37169
A41: 3059 | B41: WITHDRAWN | C41: TDHCA | D41: Creekside Manor Senior Community | E41: Killeen | F41: 10500000 | G41: 10500000 | H41: 37084 | I41: =SUM(H41+35) -> 37119 | J41: 10500000 | K41: =SUM(H41+150) -> 37234 | L41: 0 | M41: =SUM(G41-L41) -> 10500000 | N41: 37196
A42: 3060 | B42: WITHDRAWN | C42: TDHCA | D42: Oakmoor (fka Airport Boulevard) Apartments | E42: San Antonio | F42: 15000000 | G42: 15000000 | H42: 37084 | I42: =SUM(H42+35) -> 37119 | J42: 15000000 | K42: =SUM(H42+150) -> 37234 | L42: 0 | M42: =SUM(G42-L42) -> 15000000 | N42: 37196
A43: 3068 | B43: WITHDRAWN | C43: TDHCA | D43: Ennis Senior Estates | E43: Ennis | F43: 10000000 | G43: 10000000 | H43: 37107 | I43: =SUM(H43+35) -> 37142 | J43: 10000000 | K43: =SUM(H43+150) -> 37257 | L43: 0 | M43: =SUM(G43-L43) -> 10000000 | N43: 37196
C46: TOTALS | F46: =SUM(F7:F45) -> 422050000 | G46: =SUM(G7:G45) -> 217700000 | J46: =SUM(J7:J45) -> 190850000 | L46: =SUM(L7:L45) -> 87960000 | M46: =SUM(M7:M45) -> 129740000
C48: In-Line | F48: =SUM(F46-G46) -> 204350000
C50: Available | F50: =+C1-G46+M46 -> -8795122
A52: 2004 Non-traditional Carryforward
A53: 2936 | B53: CLOSED | C53: TDHCA | D53: Homes of Pecan Grove (fka Rose Court at Simpson Stuart) | E53: Dallas | F53: 15000000 | G53: 15000000 | H53: 36767 | I53: =H53+35 -> 36802 | J53: 15000000 | K53: =H53+150 -> 36917 | L53: 14030000 | M53: =SUM(J53-L53) -> 970000 | N53: 36923 | O53: 3014
A54: 2941 | B54: CLOSED | C54: TDHCA | D54: Providence at Prairie Oaks (fka Rose Court Prairie Oaks) | E54: Arlington | F54: 13400000 | G54: 13400000 | H54: 36768 | I54: =H54+35 -> 36803 | J54: 13400000 | K54: =H54+150 -> 36918 | L54: 11050000 | M54: =SUM(J54-L54) -> 2350000 | N54: 36923 | O54: 3014
A55: 2945 | B55: WITHDRAWN | C55: TDHCA | D55: Sugar Pines Apartments | E55: Houston | F55: 11600000 | G55: 11600000 | H55: 36776 | I55: =H55+35 -> 36811 | J55: 11600000 | K55: =H55+150 -> 36926 | L55: 0 | M55: =SUM(J55-L55) -> 11600000 | N55: 36895 | O55: 3014 / 3026
A56: 2946 | B56: CLOSED | C56: TDHCA | D56: Mission Del Rio Homes (fka Rose Court at Riverside) | E56: San Antonio | F56: 13300000 | G56: 13300000 | H56: 36776 | I56: =H56+35 -> 36811 | J56: 13300000 | K56: =H56+150 -> 36926 | L56: 11490000 | M56: =SUM(J56-L56) -> 1810000 | N56: 36932 | O56: 3026
A57: 2947 | B57: CLOSED | C57: TDHCA | D57: Port Royal Homes (fka Merry Oaks Homes) | E57: San Antonio | F57: 13300000 | G57: 13300000 | H57: 36776 | I57: =H57+35 -> 36811 | J57: 13300000 | K57: =H57+150 -> 36926 | L57: 12200000 | M57: =SUM(J57-L57) -> 1100000 | N57: 36932 | O57: 3026
A58: 2961 | B58: CLOSED | C58: TDHCA | D58: Atascocita Pines Apartments | E58: Humble | F58: 11900000 | G58: 11900000 | H58: 36847 | I58: =H58+35 -> 36882 | J58: 11900000 | K58: =H58+150 -> 36997 | L58: 11900000 | M58: =SUM(J58-L58) -> 0 | N58: 37001
A59: 2962 | B59: WITHDRAWN | C59: TDHCA | D59: Canal Place Apartments (fka Canal Street) | E59: Houston | F59: 11650000 | G59: 11650000 | H59: 36847 | I59: =H59+35 -> 36882 | J59: 11650000 | K59: =H59+150 -> 36997 | L59: 0 | M59: =SUM(G59-0) -> 11650000 | N59: 36957 | O59: 3026 | P59: 3180000
A60: 2963 | B60: WITHDRAWN | C60: TDHCA | D60: Creekside Manor Senior Community | E60: Killeen | F60: 10500000 | G60: 10500000 | H60: 36847 | I60: =H60+35 -> 36882 | J60: 10500000 | K60: =H60+150 -> 36997 | L60: 0 | M60: =SUM(G60-0) -> 10500000 | N60: 36957
A61: 2965 | B61: CLOSED | C61: TDHCA | D61: Tower Ridge Apartments | E61: Corinth | F61: 15000000 | G61: 15000000 | H61: 36853 | I61: =H61+35 -> 36888 | J61: 15000000 | K61: =H61+150 -> 37003 | L61: 15000000 | M61: 0 | N61: 37006
A62: 2966 | B62: WITHDRAWN | C62: TDHCA | D62: Rolling Creek Apartments | E62: Houston | F62: 14160000 | G62: 14160000 | H62: 36853 | I62: =H62+35 -> 36888 | J62: 14160000 | K62: =H62+150 -> 37003 | L62: 0 | M62: =SUM(G62-0) -> 14160000 | N62: 36957
A63: 2967 | B63: WITHDRAWN | C63: TDHCA | D63: Willow Creek Apartments | E63: Tomball | F63: 14100000 | G63: 14100000 | H63: 36853 | I63: =H63+35 -> 36888 | J63: 14100000 | K63: =H63+150 -> 37003 | L63: 0 | M63: =SUM(G63-0) -> 14100000 | N63: 36957
A64: 2968 | B64: WITHDRAWN | C64: TDHCA | D64: Langwick Seniors | E64: Houston | F64: 13350000 | G64: 13350000 | H64: 36859 | I64: =H64+35 -> 36894 | J64: 13350000 | K64: =H64+150 -> 37009 | L64: 0 | M64: =SUM(G64-0) -> 13350000 | N64: 36958
F66: =SUM(F53:F65) -> 157260000 | G66: =SUM(G53:G65) -> 157260000 | J66: =SUM(J53:J65) -> 157260000 | L66: =SUM(L53:L65) -> 75670000 | M66: =SUM(M53:M65) -> 81590000
C69: After 2004 Carryforward Available | F69: =+F50+M66 -> 72794878 | L69: Remaning 2004CF to be allocated | M69: =SUM(M66-L46) -> -6370000

Sheet REGION 1
A1: SUBCEILING #4 | C1: 12668316 | N1: ='SC1 MRB'!P1 -> 36893
A2: REGION 1
A4: DOCKET# | B4: STATUS | C4: ISSUER | D4: PROJECT | E4: LOCATION | F4: REQUESTED | G4: RESERVED | H4: RESERVATION | I4: 35-DAY | J4: CERTIFIED | K4: 150-DAY | L4: ALLOCATION | M4: RELEASED | N4: RELEASE/
A5: or | F5: AMOUNT | G5: AMOUNT | H5: DATE | I5: DEADLINE | J5: AMOUNT | K5: DEADLINE | L5: AMOUNT | M5: AMOUNT | N5: UPDATE
A6: LOT# | N6: DATE
A7: 117 | B7: WITHDRAWN | C7: Panhandle Regional HFC | D7: Amarillo Bell Plaza Apartments | E7: Amarillo, TX | F7: 5000000 | G7: 0 | H7: 36893 | I7: =SUM(H7+35) -> 36928 | J7: 0 | K7: =SUM(H7+150) -> 37043 | L7: 0 | M7: 0 | N7: 36895
A8: 122 | B8: WITHDRAWN | C8: Panhandle Regional HFC | D8: Amarillo Barrington Apartments | E8: Amarillo, TX | F8: 3500000 | G8: 0 | H8: 36907 | I8: =SUM(H8+35) -> 36942 | J8: 0 | K8: =SUM(H8+150) -> 37057 | L8: 0 | M8: 0 | N8: 36907
A9: 3015 | B9: WITHDRAWN | C9: Panhandle Regional HFC | D9: Amarillo Bell Plaza Apartments | E9: Amarillo, TX | F9: 5000000 | G9: 5000000 | H9: 36953 | I9: =SUM(H9+35) -> 36988 | J9: 5000000 | K9: =SUM(H9+150) -> 37103 | L9: 0 | M9: =SUM(J9-L9) -> 5000000 | N9: 37069
A10: 3016 | B10: WITHDRAWN | C10: Panhandle Regional HFC | D10: Amarillo Barrington Apartments | E10: Amarillo, TX | F10: 3500000 | G10: 3500000 | H10: 36953 | I10: =SUM(H10+35) -> 36988 | J10: 3500000 | K10: =SUM(H10+150) -> 37103 | L10: 0 | M10: =SUM(J10-L10) -> 3500000 | N10: 37069
D12: TOTALS | F12: =SUM(F7:F11) -> 17000000 | G12: =SUM(G7:G11) -> 8500000 | J12: =SUM(J7:J11) -> 8500000 | L12: =SUM(L7:L11) -> 0 | M12: =SUM(M7:M11) -> 8500000
D14: In-Line | F14: =SUM(F12-G12) -> 8500000
D16: Available | F16: =+C1-G12+M12+D1 -> 12668316

Sheet REGION 3
A1: SUBCEILING #4 | C1: 89152427 | N1: ='SC1 MRB'!P1 -> 36893
A2: REGION 3
A5: DOCKET# | B5: STATUS | C5: ISSUER | D5: PROJECT | E5: LOCATION | F5: REQUESTED | G5: RESERVED | H5: RESERVATION | I5: 35-DAY | J5: CERTIFIED | K5: 150-DAY | L5: ALLOCATION | M5: RELEASED | N5: RELEASE/
A6: or | F6: AMOUNT | G6: AMOUNT | H6: DATE | I6: DEADLINE | J6: AMOUNT | K6: DEADLINE | L6: AMOUNT | M6: AMOUNT | N6: UPDATE
A7: PRIORITY 1
A8: 22 | B8: CANCELLED | C8: City of Dallas HFC | D8: Sandalwood Senior Apartments | E8: Dallas, TX | F8: 15000000 | G8: 0 | H8: 36893 | J8: 0 | L8: 0 | M8: 0 | N8: 36897
A9: 19 | B9: CANCELLED | C9: City of Dallas HFC | D9: CityParc at Runyon Springs | E9: Dallas, TX | F9: 15000000 | G9: 0 | H9: 36900 | J9: 0 | L9: 0 | M9: 0 | N9: 36900
A10: 2984 | B10: CLOSED | C10: City of Dallas HFC | D10: Mountain Creek Apartments | E10: Dallas, TX | F10: 14000000 | G10: 14000000 | H10: 36908 | I10: =SUM(H10+35) -> 36943 | J10: 14000000 | K10: =SUM(H10+150) -> 37058 | L10: =12800000-'2004 CF'!M33 -> 12200000 | M10: =SUM(G10-L10) -> 1800000 | N10: 37069 | O10: 2004 CF (600)
A11: 17 | B11: CANCELLED | C11: Tarrant County HFC | D11: Holiday Heights Apartments | E11: North Richland Hills, TX | F11: 4600000 | G11: 0 | H11: 36914 | J11: 0 | L11: 0 | M11: 0 | N11: 36914
A12: 54 | B12: CANCELLED | C12: Tarrant County HFC | D12: Park at Vista Way Townhomes | E12: Benbrook, TX | F12: 15000000 | G12: 0 | J12: 0 | L12: 0 | M12: 0 | N12: 36900
A13: 61 | B13: CANCELLED | C13: Tarrant County HFC | D13: Riverside Villas Apartments | E13: Fort Worth, TX | F13: 15000000 | G13: 0 | J13: 0 | L13: 0 | M13: 0 | N13: 36900
A14: 63 | B14: WITHDRAWN | C14: Grand Prairie HFC | D14: CityParc at Grand Prairie | E14: Grand Prairie, TX | F14: 15000000 | G14: 0 | J14: 0 | L14: 0 | M14: 0 | N14: 36922
A15: 65 | B15: CANCELLED | C15: North Central Texas HFC | D15: Waxahachie II Housing | E15: Waxahachie, TX | F15: 15000000 | G15: 0 | J15: 0 | L15: 0 | M15: 0 | N15: 36925
A16: 68 | B16: CANCELLED | C16: Tarrant County HFC | D16: Waverly Place Apartments | E16: Fort Worth, TX | F16: 15000000 | G16: 0 | J16: 0 | L16: 0 | M16: 0 | N16: 36930
A17: 3012 | B17: WITHDRAWN | C17: Tarrant County HFC | D17: West Chapel Apartments | E17: Fort Worth, TX | F17: 15000000 | G17: 15000000 | H17: 36932 | I17: =SUM(H17+35) -> 36967 | J17: 0 | K17: =SUM(H17+150) -> 37082 | L17: 0 | M17: =SUM(G17-L17) -> 15000000 | N17: 36960
A18: 87 | B18: CANCELLED | C18: City of Dallas HFC | D18: Lake June Villas | E18: Dallas, TX | F18: 15000000 | G18: 0 | J18: 0 | L18: 0 | M18: 0 | N18: 36937
A19: 88 | B19: CANCELLED | C19: Tarrant County HFC | D19: CityParc at Mansfield | E19: Mansfield, TX | F19: 15000000 | G19: 0 | J19: 0 | L19: 0 | M19: 0 | N19: 36930
A20: 98 | B20: WITHDRAWN | C20: Tarrant County HFC | D20: Haltom Village Apartments | E20: Haltom City, TX | F20: 15000000 | G20: 0 | J20: 0 | L20: 0 | M20: 0 | N20: 36937
A21: 107 | B21: WITHDRAWN | C21: Tarrant County HFC | D21: Providence at Marine Creek Apartments | E21: Fort Worth, TX | F21: 15000000 | G21: 0 | J21: 0 | L21: 0 | M21: 0 | N21: 36937
A22: 3013 | B22: WITHDRAWN | C22: Collin County HFC | D22: McMillan Ranch Apts. | E22: Wylie, TX | F22: 15000000 | G22: 15000000 | H22: 36943 | I22: =SUM(H22+35) -> 36978 | J22: 15000000 | K22: =SUM(H22+150) -> 37093 | L22: 0 | M22: =SUM(G22-L22) -> 15000000 | N22: 37048
A23: 114 | B23: WITHDRAWN | C23: Denton County HFC | D23: Tower Ridge Apts. | E23: Corinth, TX | F23: 15000000 | G23: 0 | J23: 0 | L23: 0 | M23: 0 | N23: 36938
A24: 115 | B24: WITHDRAWN | C24: City of Dallas HFC | D24: Sphinx at Chenault | E24: Dallas, TX | F24: 14000000 | G24: 0 | J24: 0 | L24: 0 | M24: 0 | N24: 36945
A25: 145 | B25: WITHDRAWN | C25: Collin County HFC | D25: The Parks at Birmingham Apartments | E25: Wylie, TX | F25: 14000000 | G25: 0 | J25: 0 | L25: 0 | M25: 0 | N25: 36946
A26: 3 | B26: CANCELLED | C26: North Central Texas HFC | D26: Midlothian Housing | E26: Midlothian, Texas | F26: 15000000 | G26: 0 | J26: 0 | L26: 0 | M26: 0 | N26: 36951
A27: 11 | B27: CANCELLED | C27: North Central Texas HFC | D27: Waxahachie 3 Housing | E27: Waxahachie, TX | F27: 15000000 | G27: 0 | J27: 0 | L27: 0 | M27: 0 | N27: 36957
A28: 26 | B28: CANCELLED | C28: Northwest Central Texas Housing Finance Corp. | E28: Burleson, TX | F28: 15000000 | G28: 0 | J28: 0 | L28: 0 | M28: 0 | N28: 36958
A29: 44 | B29: CANCELLED | C29: North Central Texas HFC | D29: Waxahachie I Housing | E29: Waxahachie, TX | F29: 15000000 | G29: 0 | J29: 0 | L29: 0 | M29: 0 | N29: 36958
A30: 1 | B30: WITHDRAWN | C30: Denton County HFC | D30: Evergreen at Carrollton Senior Apartment Community | E30: Carrollton, TX | F30: 15000000 | G30: 0 | J30: 0 | L30: 0 | M30: 0 | N30: 36960
A31: 80 | B31: WITHDRAWN | C31: Tarrant County HFC | D31: Evergreen at North Richland Hills Senior Apartment Community | E31: North Richland Hills, TX | F31: 14732633 | G31: 0 | J31: 0 | L31: 0 | M31: 0 | N31: 36960
A32: 103 | B32: CANCELLED | C32: North Central Texas HFC | D32: Evergreen at Rockwall Senior Apartment Community | E32: Rockwall, TX | F32: 15000000 | G32: 0 | J32: 0 | L32: 0 | M32: 0 | N32: 36964
A33: 108 | B33: WITHDRAWN | C33: Collin County HFC | D33: The Resort at Country Lane Seniors Community | E33: McKinney, TX | F33: 15000000 | G33: 0 | J33: 0 | L33: 0 | M33: 0 | N33: 36971
A34: 118 | B34: WITHDRAWN | C34: Housing Options, Inc. | D34: Wahoo Parc Apartments | E34: Dallas, TX | F34: 9500000 | G34: 0 | J34: 0 | L34: 0 | M34: 0 | N34: 36972
A35: 138 | B35: WITHDRAWN | C35: Housing Options, Inc. | D35: Mill City Parc Apartments | E35: Dallas, TX | F35: 8500000 | G35: 0 | J35: 0 | L35: 0 | M35: 0 | N35: 36972
A36: 3021 | B36: WITHDRAWN | C36: North Central Texas HFC | D36: Center Ridge Apartments | E36: Duncanville | F36: 15000000 | G36: 15000000 | H36: 36979 | I36: =SUM(H36+35) -> 37014 | J36: 15000000 | K36: =SUM(H36+150) -> 37129 | L36: 0 | M36: =SUM(G36-L36) -> 15000000 | N36: 37036
A37: 3041 | B37: WITHDRAWN | C37: Tarrant County HFC | D37: Lindbergh Parc Senior Apartments | E37: Fort Worth, TX | F37: 14000000 | G37: 14000000 | H37: 37041 | I37: =SUM(H37+35) -> 37076 | J37: 14000000 | K37: =SUM(H37+150) -> 37191 | L37: 0 | M37: =SUM(G37-L37) -> 14000000 | N37: 37154
D39: TOTALS | F39: =SUM(F7:F37) -> 423332633 | G39: =SUM(G7:G37) -> 73000000 | J39: =SUM(J7:J37) -> 58000000 | L39: =SUM(L7:L37) -> 12200000 | M39: =SUM(M7:M37) -> 60800000
D41: In-Line | F41: =SUM(F39-G39) -> 350332633
D43: Available | F43: =+C1-G39+M39 -> 76952427

Sheet REGION 6
A1: SUBCEILING #4 | C1: 78855186 | N1: ='SC1 MRB'!P1 -> 36893
A2: REGION 6
A5: DOCKET# | B5: STATUS | C5: ISSUER | D5: PROJECT | E5: LOCATION | F5: REQUESTED | G5: RESERVED | H5: RESERVATION | I5: 35-DAY | J5: CERTIFIED | K5: 150-DAY | L5: ALLOCATION | M5: RELEASED | N5: RELEASE/
A6: or | F6: AMOUNT | G6: AMOUNT | H6: DATE | I6: DEADLINE | J6: AMOUNT | K6: DEADLINE | L6: AMOUNT | M6: AMOUNT | N6: UPDATE
A7: LOT# | N7: DATE
A8: PRIORITY 1
A9: 7 | B9: CANCELLED | C9: Harris County HFC | D9: CityParc at Baytown | E9: Baytown, TX | F9: 15000000 | G9: 0 | H9: 36900 | J9: 0 | L9: 0 | M9: 0 | N9: 36900
A10: 2985 | B10: WITHDRAWN | C10: Harris County HFC | D10: Northline Estates | E10: Houston, TX | F10: 15000000 | G10: 15000000 | H10: 36909 | I10: =SUM(H10+35) -> 36944 | J10: 15000000 | K10: =SUM(H10+150) -> 37059 | L10: 0 | M10: =SUM(G10-L10) -> 15000000 | N10: 37036
A11: 9 | B11: WITHDRAWN | C11: Southeast Texas HFC | D11: Vanderbilt Apts. | E11: Clute, TX | F11: 15000000 | G11: 0 | H11: 36921 | J11: 0 | L11: 0 | M11: 0 | N11: 36921
A12: 3002 | B12: CANCELLED | C12: Montgomery County HFC | D12: Conroe Estates | E12: Conroe, TX | F12: 15000000 | G12: 15000000 | H12: 36917 | I12: =SUM(H12+35) -> 36952 | J12: 0 | K12: =SUM(H12+150) -> 37067 | L12: 0 | M12: =SUM(G12-L12) -> 15000000 | N12: 36991
A13: 3003 | B13: WITHDRAWN | C13: Southeast Texas HFC | D13: Pearland Place Apts. | E13: Pearland, TX | F13: 15000000 | G13: 15000000 | H13: 36917 | I13: =SUM(H13+35) -> 36952 | J13: 15000000 | K13: =SUM(H13+150) -> 37067 | L13: 0 | M13: =SUM(G13-L13) -> 15000000 | N13: 36966
A14: 41 | B14: WITHDRAWN | C14: Harris County HFC | D14: Humble Meadows | E14: Humble, TX | F14: 15000000 | G14: 0 | J14: 0 | L14: 0 | M14: 0 | N14: 36924
A15: 55 | B15: WITHDRAWN | C15: Harris County HFC | D15: Park at Campbell Townhomes | E15: Houston, TX | F15: 15000000 | G15: 0 | J15: 0 | L15: 0 | M15: 0 | N15: 36923
A16: 3011 | B16: WITHDRAWN | C16: Harris County HFC | D16: Flushing Meadows Apartments | E16: Houston, TX | F16: 15000000 | G16: 15000000 | H16: 36925 | I16: =SUM(H16+35) -> 36960 | J16: 0 | K16: =SUM(H16+150) -> 37075 | L16: 0 | M16: =SUM(G16-L16) -> 15000000 | N16: 36949
A17: 69 | B17: CANCELLED | C17: Houston HFC | D17: Sedona Seniors | E17: Houston, TX | F17: 15000000 | G17: 0 | J17: 0 | L17: 0 | M17: 0 | N17: 36958
A18: 71 | B18: CANCELLED | C18: Harris County HFC | D18: The Gardens at Gears | E18: Houston, TX | F18: 15000000 | G18: 0 | J18: 0 | L18: 0 | M18: 0 | N18: 36958
A19: 81 | B19: WITHDRAWN | C19: Southeast Texas HFC | D19: 2920 Tomball Pines Apts. | E19: Tomball, TX | F19: 15000000 | G19: 0 | J19: 0 | L19: 0 | M19: 0 | N19: 36953
A20: 83 | B20: CANCELLED | C20: Harris County HFC | D20: Pebble Creek Apartments | E20: Houston, TX | F20: 15000000 | G20: 0 | J20: 0 | L20: 0 | M20: 0 | N20: 36958
A21: 3018 | B21: WITHDRAWN | C21: Houston HFC | D21: Langwick Seniors | E21: Houston, TX | F21: 15000000 | G21: 15000000 | H21: 36966 | I21: =SUM(H21+35) -> 37001 | J21: 15000000 | K21: =SUM(H21+150) -> 37116 | L21: 0 | M21: =SUM(G21-L21) -> 15000000 | N21: 37107
A22: 101 | B22: CANCELLED | C22: Houston HFC | D22: Reed Road Senior Residences | E22: Houston, TX | F22: 13500000 | G22: 0 | J22: 0 | L22: 0 | M22: 0 | N22: 36967
A23: 104 | B23: WITHDRAWN | C23: Houston HFC | D23: Colony Place Apts. | E23: Houston, TX | F23: 15000000 | G23: 0 | J23: 0 | L23: 0 | M23: 0 | N23: 36972
A24: 106 | B24: WITHDRAWN | C24: Harris County HFC | D24: Fairbanks Estates | E24: Houston | F24: 15000000 | G24: 0 | J24: 0 | L24: 0 | M24: 0 | N24: 36973
A25: 127 | B25: WITHDRAWN | C25: Southeast Texas HFC | D25: Pelican Isle Apts. | E25: Galveston | F25: 15000000 | G25: 0 | J25: 0 | L25: 0 | M25: 0 | N25: 36974
A26: 3023 | B26: WITHDRAWN | C26: Southeast Texas HFC | D26: Sundance Apts. | E26: Texas City, TX | F26: 15000000 | G26: 15000000 | H26: 36984 | I26: =SUM(H26+35) -> 37019 | J26: 15000000 | K26: =SUM(H26+150) -> 37134 | L26: 0 | M26: =SUM(G26-L26) -> 15000000 | N26: 37132
A27: 133 | B27: WITHDRAWN | C27: Harris County HFC | D27: Ashbury Gardens Apartments | E27: Spring, TX | F27: 15000000 | G27: 0 | J27: 0 | L27: 0 | M27: 0 | N27: 36984
A28: 3030 | B28: WITHDRAWN | C28: Houston HFC | D28: North Oaks Apartments | E28: Houston, TX | F28: 15000000 | G28: 15000000 | H28: 36994 | I28: =SUM(H28+35) -> 37029 | J28: 15000000 | K28: =SUM(H28+150) -> 37144 | L28: 0 | M28: =SUM(G28-L28) -> 15000000 | N28: 37132
A29: 139 | B29: WITHDRAWN | C29: Houston HFC | D29: Benmar Estates | E29: Houston, TX | F29: 15000000 | G29: 0 | J29: 0 | L29: 0 | M29: 0 | N29: 36994
A30: 3031 | B30: WITHDRAWN | C30: Harris County HFC | D30: The Hills Apartments | E30: Houston, TX | F30: 15000000 | G30: 15000000 | H30: 36995 | I30: =SUM(H30+35) -> 37030 | J30: 0 | K30: =SUM(H30+150) -> 37145 | L30: 0 | M30: =SUM(G30-L30) -> 15000000 | N30: 37030
A31: 2 | B31: CANCELLED | C31: Montgomery County HFC | D31: UHF Conroe 4 Housing | E31: Conroe, TX | F31: 15000000 | G31: 0 | J31: 0 | L31: 0 | M31: 0 | N31: 36999
A32: 32 | B32: WITHDRAWN | C32: Harris County HFC | D32: Hunters Glen Apts. | E32: Houston | F32: 15000000 | G32: 0 | J32: 0 | L32: 0 | M32: 0 | N32: 36995
A33: 3032 | B33: WITHDRAWN | C33: Southeast Texas HFC | D33: Lakewood Terrace Apartments | E33: Baytown, TX | F33: 6000000 | G33: 6000000 | H33: 37000 | I33: =SUM(H33+35) -> 37035 | J33: 0 | K33: =SUM(H33+150) -> 37150 | L33: 0 | M33: =SUM(G33-L33) -> 6000000 | N33: 37004
A34: 3033 | B34: WITHDRAWN | C34: Houston HFC | D34: Idlewilde Apts | E34: Houston, TX | F34: 15000000 | G34: 15000000 | H34: 37006 | I34: =SUM(H34+35) -> 37041 | J34: 15000000 | K34: =SUM(H34+150) -> 37156 | L34: 0 | M34: =SUM(G34-L34) -> 15000000 | N34: 37049
A35: 76 | B35: WITHDRAWN | C35: Houston HFC | D35: Lafayette Pines Apts. | E35: Houston, TX | F35: 15000000 | G35: 0 | J35: 0 | L35: 0 | M35: 0 | N35: 37029
A36: 85 | B36: WITHDRAWN | C36: Southeast Texas HFC | D36: Park at Texas City Townhomes | E36: Texas City, TX | F36: 15000000 | G36: 0 | J36: 0 | L36: 0 | M36: 0 | N36: 37033
A37: 105 | B37: WITHDRAWN | C37: Houston HFC | D37: Aarons Pointe Apts. | E37: Houston, TX | F37: 15000000 | G37: 0 | J37: 0 | L37: 0 | M37: 0 | N37: 37035
A38: 111 | B38: WITHDRAWN | C38: Montgomery County HFC | D38: UHF Conroe 2 Housing | E38: Conroe, TX | F38: 15000000 | G38: 0 | J38: 0 | L38: 0 | M38: 0 | N38: 37035
A39: 3042 | B39: WITHDRAWN | C39: Houston HFC | D39: The Villas at Bethel | E39: Houston, TX | F39: 14000000 | G39: 14000000 | H39: 37041 | I39: =SUM(H39+35) -> 37076 | J39: 14000000 | K39: =SUM(H39+150) -> 37191 | L39: 0 | M39: =SUM(G39-L39) -> 14000000 | N39: 37154
A40: 119 | B40: WITHDRAWN | C40: Montgomery County HFC | D40: UHF Conroe 1 Housing | E40: Conroe, TX | F40: 15000000 | G40: 0 | J40: 0 | L40: 0 | M40: 0 | N40: 37041
A41: 126 | B41: WITHDRAWN | C41: Harris County HFC | D41: Rolling Creek Apartments | E41: Houston, TX | F41: 15000000 | G41: 0 | J41: 0 | L41: 0 | M41: 0 | N41: 37041
C43: TOTALS | F43: =SUM(F8:F42) -> 483500000 | G43: =SUM(G8:G42) -> 155000000 | J43: =SUM(J8:J42) -> 104000000 | L43: =SUM(L8:L42) -> 0 | M43: =SUM(M8:M42) -> 155000000
C45: In-Line | F45: =SUM(F43-G43) -> 328500000
C47: Available | F47: =+C1-G43+M43 -> 78855186
A53: 2003 NON-TRADITIONAL CARRYFORWARD
A54: 2782 | B54: CLOSED | C54: Harris County HFC | D54: Wellington Park Apartments | E54: Houston, TX | F54: 13500000 | G54: 13500000 | H54: 36441 | I54: 36476 | J54: 13500000 | K54: 36561 | L54: 13350000 | M54: 150000 | N54: 36561 | O54: 2952

Sheet REGION 7
A1: SUBCEILING #4 | C1: 21881637 | N1: ='SC1 MRB'!P1 -> 36893
A2: REGION 7
A5: DOCKET# | M5: 2004 | N5: RELEASE/
A6: or | B6: STATUS | C6: ISSUER | D6: PROJECT | E6: LOCATION | F6: REQUESTED | G6: RESERVED | H6: RESERVATION | I6: 35-DAY | J6: CERTIFIED | K6: 150-DAY | L6: ALLOCATION | M6: RELEASED | N6: UPDATE
A7: LOT# | F7: AMOUNT | G7: AMOUNT | H7: DATE | I7: DEADLINE | J7: AMOUNT | K7: DEADLINE | L7: AMOUNT | M7: AMOUNT | N7: DATE
A8: PRIORITY 1
A9: 10 | B9: WITHDRAWN | C9: Austin HFC | D9: Interport Meadows Apartments | E9: Austin, TX | F9: 15000000 | G9: 0 | J9: 0 | L9: 0 | M9: 0 | N9: 36950
A10: 3040 | B10: CLOSED | C10: Capital Area HFC | D10: River Bend Residential | E10: Georgetown, TX | F10: 14000000 | G10: 14000000 | H10: 37033 | I10: =SUM(H10+35) -> 37068 | J10: 14000000 | K10: =SUM(H10+150) -> 37183 | L10: 13035000 | M10: =SUM(J10-L10) -> 965000 | N10: 37204
D12: TOTALS | F12: =SUM(F8:F10) -> 29000000 | G12: =SUM(G8:G10) -> 14000000 | J12: =SUM(J8:J10) -> 14000000 | L12: =SUM(L8:L10) -> 13035000 | M12: =SUM(M8:M10) -> 965000
D14: In-Line | F14: =SUM(F12-G12) -> 15000000
D16: Available | F16: =+C1-G12+M12 -> 8846637

Sheet REGION 9
A1: SUBCEILING #4 | C1: 29367460 | N1: ='SC1 MRB'!P1 -> 36893
A2: REGION 9
A4: DOCKET# | B4: STATUS | C4: ISSUER | D4: PROJECT | E4: LOCATION | F4: REQUESTED | G4: RESERVED | H4: RESERVATION | I4: 35-DAY | J4: CERTIFIED | K4: 150-DAY | L4: ALLOCATION | M4: RELEASED | N4: RELEASE/
A5: or | F5: AMOUNT | G5: AMOUNT | H5: DATE | I5: DEADLINE | J5: AMOUNT | K5: DEADLINE | L5: AMOUNT | M5: AMOUNT | N5: UPDATE
A6: LOT# | N6: DATE
A7: 4 | B7: CANCELLED | C7: San Antonio HFC | D7: The Villas at Costa Algarve I Apartments | E7: San Antonio | F7: 7300000 | G7: 0 | H7: 36893 | J7: 0 | L7: 0 | M7: 0 | N7: 36897
A8: 6 | B8: CANCELLED | C8: San Antonio HFC | D8: The Gibraltar Apartments | E8: San Antonio | F8: 6600000 | G8: 0 | H8: 36900 | J8: 0 | L8: 0 | M8: 0 | N8: 36900
A9: 3001 | B9: WITHDRAWN | C9: San Antonio HFC | D9: Eisenhauer Estates Apts. | E9: San Antonio | F9: 15000000 | G9: 15000000 | H9: 36917 | I9: =SUM(H9+35) -> 36952 | J9: 0 | K9: =SUM(H9+150) -> 37067 | L9: 0 | M9: =SUM(G9-L9) -> 15000000 | N9: 36951
A10: 3017 | B10: CLOSED | C10: San Antonio HFC | D10: Clark Pointe Apts. | E10: San Antonio | F10: 13870000 | G10: 13870000 | H10: 36958 | I10: =SUM(H10+35) -> 36993 | J10: 13870000 | K10: =SUM(H10+150) -> 37108 | L10: =13870000-'2004 CF'!M55-'2004 CF'!M56 -> 11545000 | M10: =SUM(G10-L10) -> 2325000 | N10: 37111 | O10: 2004 CF (2.325)
A11: 14 | B11: CANCELLED | C11: San Antonio HFC | D11: Loresho Villas Apts. | E11: San Antonio | F11: 12100000 | G11: 0 | J11: 0 | L11: 0 | M11: 0 | N11: 36958
A12: 30 | B12: WITHDRAWN | C12: San Antonio HFC | D12: Valley Ridge Apts. | E12: San Antonio | F12: 15000000 | G12: 0 | J12: 0 | L12: 0 | M12: 0 | N12: 36967
A13: 3020 | B13: WITHDRAWN | C13: San Antonio HFC | D13: Spriggsdale Plaza Apartments | E13: San Antonio | F13: 15000000 | G13: 15000000 | H13: 36973 | I13: =SUM(H13+35) -> 37008 | J13: 15000000 | K13: =SUM(H13+150) -> 37123 | L13: 0 | M13: =SUM(G13-L13) -> 15000000 | N13: 37083
D15: TOTALS | F15: =SUM(F7:F13) -> 84870000 | G15: =SUM(G7:G13) -> 43870000 | J15: =SUM(J7:J13) -> 28870000 | L15: =SUM(L7:L13) -> 11545000 | M15: =SUM(M7:M13) -> 32325000
D17: In-Line | F17: =SUM(F15-G15) -> 41000000
D19: Available | F19: =+C1-G15+M15+D1 -> 17822460

Sheet REGION 10
A1: SUBCEILING #4 | C1: 11889248 | N1: ='SC1 MRB'!P1 -> 36893
A2: REGION 10
A4: DOCKET# | B4: STATUS | C4: ISSUER | D4: PROJECT | E4: LOCATION | F4: REQUESTED | G4: RESERVED | H4: RESERVATION | I4: 35-DAY | J4: CERTIFIED | K4: 150-DAY | L4: ALLOCATION | M4: RELEASED | N4: RELEASE/
A5: or | F5: AMOUNT | G5: AMOUNT | H5: DATE | I5: DEADLINE | J5: AMOUNT | K5: DEADLINE | L5: AMOUNT | M5: AMOUNT | N5: UPDATE
A6: LOT# | N6: DATE
A7: 95 | B7: CANCELLED | C7: Housing Authority of the City of Robstown | D7: Figueroa Square Apartments | E7: Robstown, TX | F7: 4000000 | G7: 0 | H7: 36907 | J7: 0 | L7: 0 | M7: 0 | N7: 36901
A8: 3009 | B8: WITHDRAWN | C8: Sea Breeze (A Public Facility Corp.) | D8: Sea Breeze Senior Center | E8: Corpus Christi, TX | F8: 7855000 | G8: 7855000 | H8: 36925 | I8: =SUM(H8+35) -> 36960 | J8: 7855000 | K8: =SUM(H8+150) -> 37075 | L8: 0 | M8: 7855000 | N8: 37072
C10: TOTALS | F10: =SUM(F7:F9) -> 11855000 | G10: =SUM(G7:G8) -> 7855000 | J10: =SUM(J7:J8) -> 7855000 | L10: =SUM(L7:L8) -> 0 | M10: =SUM(M7:M8) -> 7855000
C12: In-Line | F12: =SUM(F10-G10) -> 4000000
C14: Available | F14: =+C1-G10+M10 -> 11889248

Sheet REGION 11
A1: SUBCEILING #4 | C1: 21813891 | N1: ='SC1 MRB'!P1 -> 36893
A2: REGION 11
A4: DOCKET# | B4: STATUS | C4: ISSUER | D4: PROJECT | E4: LOCATION | F4: REQUESTED | G4: RESERVED | H4: RESERVATION | I4: 35-DAY | J4: CERTIFIED | K4: 150-DAY | L4: ALLOCATION | M4: RELEASED | N4: RELEASE/
A5: or | F5: AMOUNT | G5: AMOUNT | H5: DATE | I5: DEADLINE | J5: AMOUNT | K5: DEADLINE | L5: AMOUNT | M5: AMOUNT | N5: UPDATE
A6: LOT# | N6: DATE
A7: 135 | B7: CANCELLED | C7: Housing Authority of the City of Brownsville | D7: Citrus Gardens | E7: Brownsville | F7: 7000000 | G7: 0 | J7: 0 | L7: 0 | M7: 0 | N7: 36917
D8: TOTALS | F8: =SUM(F7:F7) -> 7000000 | G8: =SUM(G7:G7) -> 0 | J8: =SUM(J7:J7) -> 0 | L8: =SUM(L7:L7) -> 0 | M8: =SUM(M7:M7) -> 0
D10: In-Line | F10: =SUM(F8-G8) -> 7000000
D12: Available | F12: =+C1-G8+M8 -> 21813891

Sheet REGION 13
A1: SUBCEILING #4 | C1: 11448906 | N1: ='SC1 MRB'!P1 -> 36893
A2: REGION 13
A4: DOCKET# | B4: STATUS | C4: ISSUER | D4: PROJECT | E4: LOCATION | F4: REQUESTED | G4: RESERVED | H4: RESERVATION | I4: 35-DAY | J4: CERTIFIED | K4: 150-DAY | L4: ALLOCATION | M4: RELEASED | N4: RELEASE/
A5: or | F5: AMOUNT | G5: AMOUNT | H5: DATE | I5: DEADLINE | J5: AMOUNT | K5: DEADLINE | L5: AMOUNT | M5: AMOUNT | N5: UPDATE
A6: LOT# | N6: DATE
A8: 2986 | B8: WITHDRAWN | C8: County of El Paso HFC | D8: Desert Pines Apartments Project | E8: El Paso, TX | F8: 5600000 | G8: 5600000 | H8: 36909 | I8: =SUM(H8+35) -> 36944 | J8: 5050000 | K8: =SUM(H8+150) -> 37059 | L8: 0 | M8: 5600000 | N8: 37033
A9: 3019 | B9: WITHDRAWN | C9: County of El Paso HFC | D9: Hillside Gardens | E9: El Paso, TX | F9: 5500000 | G9: 5500000 | H9: 36967 | I9: =SUM(H9+35) -> 37002 | J9: 0 | K9: =SUM(H9+150) -> 37117 | L9: 0 | M9: 5500000 | N9: 37002
D10: TOTALS | F10: =SUM(F7:F9) -> 11100000 | G10: =SUM(G7:G9) -> 11100000 | J10: =SUM(J7:J9) -> 5050000 | L10: =SUM(L7:L9) -> 0 | M10: =SUM(M7:M9) -> 11100000
D12: In-Line | F12: =SUM(F10-G10) -> 0
D14: Available | F14: =+C1-G10+M10 -> 11448906

Sheet SC5 Student Loans
A1: SUBCEILING #5 | C1: 188916185 | N1: ='SC1 MRB'!P1 -> 36893
A2: STUDENT LOAN BONDS
A3: DOCKET# | N3: RELEASE/
A4: or | B4: STATUS | C4: ISSUER | F4: ELIGIBLE | G4: RESERVED | H4: RESERVATION | I4: 35-DAY | J4: CERTIFIED | K4: 120-DAY | L4: ALLOCATION | M4: RELEASED | N4: UPDATE
A5: LOT # | D5: PROJECT | E5: LOCATION | F5: AMOUNT | G5: AMOUNT | H5: DATE | I5: DEADLINE | J5: AMOUNT | K5: DEADLINE | L5: AMOUNT | M5: AMOUNT | N5: DATE
A7: 2972 | B7: CLOSED | C7: North Texas HEA | D7: Qualified Student Loan Bonds | E7: Texas | F7: =ROUND(SUM(G24*C$1),0) -> 45607164 | G7: 45607164 | H7: 36897 | I7: =H7+35 -> 36932 | J7: 45600000 | K7: =H7+120 -> 37017 | L7: 45600000 | M7: =SUM(G7-J7) -> 7164 | N7: 36956
A8: 2997 | B8: CLOSED | C8: Brazos HEA | D8: Qualified Student Loan Bonds | E8: Texas | F8: =ROUND(SUM(G25*C$1),0) -> 78527900 | G8: 78527900 | H8: 36915 | I8: =H8+35 -> 36950 | J8: 78500000 | K8: =H8+120 -> 37035 | L8: 78500000 | M8: =SUM(G8-J8) -> 27900 | N8: 36929
A9: 3006 | B9: CLOSED | C9: Panhandle-Plains HEA | D9: Qualified Student Loan Bonds | E9: Texas | F9: =ROUND(SUM(G26*C$1),0) -> 64781121 | G9: 64781121 | H9: 36921 | I9: =H9+35 -> 36956 | J9: 64775000 | K9: =H9+120 -> 37041 | L9: 64750000 | M9: =SUM(G9-L9) -> 31121 | N9: 37001
C12: TOTALS | F12: =SUM(F7:F9) -> 188916185 | G12: =SUM(G7:G9) -> 188916185 | J12: =SUM(J7:J9) -> 188875000 | L12: =SUM(L7:L9) -> 188850000 | M12: =SUM(M7:M9) -> 66185
C14: In-Line | F14: =SUM(F12-G12) -> 0
C16: Available | F16: =C1-G12+M12 -> 66185
A18: 2004 Carryforward
A19: 2960 | B19: CLOSED | C19: North Texas HEA | D19: Qualified Student Loan Bonds | E19: Texas | F19: 58000000 | G19: 58000000 | H19: 36838 | I19: =H19+35 -> 36873 | J19: 58000000 | K19: =H19+120 -> 36958 | L19: 58000000 | M19: 0 | N19: 36956
F22: Reported | H22: Calculated
F23: Annual Need | H23: Remaining
C24: North Texas HEA | F24: 1.4440494e+08 | G24: =SUM(F24/F$27) -> 0.2414148 | H24: =SUM(F24-F7) -> 98797776 | I24: =SUM(H24+M7) -> 98804940
C25: Brazos HEA | F25: 2.4864113e+08 | G25: =SUM(F25/F$27) -> 0.41567587 | H25: =SUM(F25-F8) -> 1.7011323e+08 | I25: =SUM(H25+M8) -> 1.7014113e+08
C26: Panhandle-Plains HEA | F26: 2.0511501e+08 | G26: =SUM(F26/F$27) -> 0.34290932 | H26: =SUM(F26-F9) -> 1.4033389e+08 | I26: =SUM(H26+M9) -> 1.4036501e+08
F27: =SUM(F24:F26) -> 5.9816108e+08 | H27: =SUM(H24:H26) -> 4.092449e+08 | I27: =SUM(I24:I26) -> 4.0931108e+08

Sheet SC6 OTHER
A1: SUBCEILING #6 | C1: 530764518 | N1: =NOW() -> 43335.605
A2: ALL OTHER ISSUES
A4: DOCKET# | B4: STATUS | C4: ISSUER | D4: PROJECT | E4: LOCATION | F4: REQUESTED | G4: RESERVED | H4: RESERVATION | I4: 35-DAY | J4: CERTIFIED | K4: 120-DAY | L4: ALLOCATION | M4: RELEASED | N4: RELEASE/
A5: or | F5: AMOUNT | G5: AMOUNT | H5: DATE | I5: DEADLINE | J5: AMOUNT | K5: DEADLINE | L5: AMOUNT | M5: AMOUNT | N5: UPDATE
A6: LOT # | N6: DATE
A7: 2973 | B7: CLOSED | C7: Port Arthur Navigation District IDC | D7: Air Products and Chemicals | E7: Port Arthur, TX | F7: 25000000 | G7: 25000000 | H7: 36897 | I7: =H7+35 -> 36932 | J7: 25000000 | K7: =H7+120 -> 37017 | L7: 25000000 | M7: 0 | N7: 37014
A8: 2974 | B8: WITHDRAWN | C8: Gulf Coast Waste Disposal Authority | D8: WS General Partner | E8: Needville, TX | F8: 25000000 | G8: 25000000 | H8: 36897 | I8: =H8+35 -> 36932 | J8: 0 | K8: =H8+120 -> 37017 | L8: 0 | M8: =SUM(G8-L8) -> 25000000 | N8: 36928
A9: 2975 | B9: CLOSED | C9: Port of Corpus Christi Authority of Nueces Co. | D9: Flint Hill Resources | E9: Corpus Christi, TX | F9: 25000000 | G9: 25000000 | H9: 36897 | I9: =H9+35 -> 36932 | J9: 25000000 | K9: =H9+120 -> 37017 | L9: 25000000 | M9: 0 | N9: 36984
A10: 2980 | B10: WITHDRAWN | C10: Mission EDC | D10: Hornsby Bend Project | E10: Austin | F10: 9800000 | G10: 9800000 | H10: 36901 | I10: =H10+35 -> 36936 | J10: 9800000 | K10: =H10+120 -> 37021 | L10: 0 | M10: =SUM(G10-L10) -> 9800000 | N10: 37014
A11: 2981 | B11: WITHDRAWN | C11: Gulf Coast Waste Disposal Authority | D11: Agrifos Fertilizer | E11: Pasadena, TX | F11: 25000000 | G11: 25000000 | H11: 36901 | I11: =H11+35 -> 36936 | J11: 25000000 | K11: =H11+120 -> 37021 | L11: 0 | M11: =SUM(G11-L11) -> 25000000 | N11: 36992
A12: 2982 | B12: WITHDRAWN | C12: Calhoun County Navigation District | D12: Formosa Plastics Corporation of Texas | E12: Point Comfort, TX | F12: 25000000 | G12: 25000000 | H12: 36901 | I12: =H12+35 -> 36936 | J12: 0 | K12: =H12+120 -> 37021 | L12: 0 | M12: =SUM(G12-L12) -> 25000000 | N12: 36932
A13: 2988 | B13: CLOSED | C13: Gulf Coast Waste Disposal Authority | D13: BP Products of North America Inc. | E13: Texas City, TX | F13: 25000000 | G13: 25000000 | H13: 36909 | I13: =H13+35 -> 36944 | J13: 25000000 | K13: =H13+120 -> 37029 | L13: 25000000 | M13: =SUM(G13-L13) -> 0 | N13: 37022
A14: 2989 | B14: WITHDRAWN | C14: Mission EDC | D14: Monarch Project | E14: Texas | F14: 14700000 | G14: 14700000 | H14: 36909 | I14: =H14+35 -> 36944 | J14: 14700000 | K14: =H14+120 -> 37029 | L14: 0 | M14: =SUM(G14-L14) -> 14700000 | N14: 37014
A15: 2990 | B15: CANCELLED | C15: Gulf Coast Waste Disposal Authority | D15: DuraTherm, Inc. | E15: San Leon, TX | F15: 10000000 | G15: 10000000 | H15: 36909 | I15: =H15+35 -> 36944 | J15: 10000000 | K15: =H15+120 -> 37029 | L15: 0 | M15: =SUM(G15-L15) -> 10000000 | N15: 37147
A16: 2998 | B16: CLOSED | C16: Gulf Coast Waste Disposal Authority | D16: Air Products and Chemicals | E16: Baytown, TX | F16: 25000000 | G16: 25000000 | H16: 36916 | I16: =H16+35 -> 36951 | J16: 25000000 | K16: =H16+120 -> 37036 | L16: 19000000 | M16: =SUM(G16-L16) -> 6000000 | N16: 37015
A17: 2999 | B17: CANCELLED | C17: Gulf Coast IDA | D17: Exxon Capital Ventures Inc. | E17: Baytown, TX | F17: 20000000 | G17: 20000000 | H17: 36916 | I17: =H17+35 -> 36951 | J17: 0 | K17: =H17+120 -> 37036 | L17: 0 | M17: =SUM(G17-L17) -> 20000000 | N17: 36991
A18: 3000 | B18: CLOSED | C18: Harris County IDC | D18: Deer Park Refining Ltd Partnership | E18: Deer Park, TX | F18: 25000000 | G18: 25000000 | H18: 36916 | I18: =H18+35 -> 36951 | J18: 25000000 | K18: =H18+120 -> 37036 | L18: 25000000 | M18: 0 | N18: 37044
A19: 3007 | B19: WITHDRAWN | C19: Mission EDC | D19: Windermere Project | E19: Tx | F19: 1700000 | G19: 1700000 | H19: 36921 | I19: =H19+35 -> 36956 | J19: 1700000 | K19: =H19+120 -> 37041 | L19: 0 | M19: =SUM(G19-L19) -> 1700000 | N19: 37014
A20: 3008 | B20: WITHDRAWN | C20: IDC of Port of Corpus Christi | D20: CITGO Petroleum Corporation | E20: Corpus Christi, TX | F20: 25000000 | G20: 25000000 | H20: 36921 | I20: =H20+35 -> 36956 | J20: 25000000 | K20: =H20+120 -> 37041 | L20: 0 | M20: =SUM(G20-L20) -> 25000000 | N20: 36991
A21: 3034 | B21: CLOSED | C21: Dalhart EDC | D21: Northside Farms | E21: Dalhart | F21: 2950000 | G21: 2950000 | H21: 37008 | I21: =H21+35 -> 37043 | J21: 2950000 | K21: =H21+120 -> 37128 | L21: 2950000 | M21: 0 | N21: 37077
A22: 3028 | B22: CLOSED | C22: Dalhart EDC | D22: Dare Investments | E22: Dalhart | F22: 2100000 | G22: 2100000 | H22: 36985 | I22: =H22+35 -> 37020 | J22: 2100000 | K22: =H22+120 -> 37105 | L22: 2100000 | M22: 0 | N22: 37077
A23: 3037 | B23: WITHDRAWN | C23: Mission EDC | D23: Monarch Project | E23: Texas | F23: 14700000 | G23: 14700000 | H23: 37014 | I23: =H23+35 -> 37049 | J23: 14700000 | K23: =H23+120 -> 37134 | L23: 0 | M23: =SUM(G23-L23) -> 14700000 | N23: 37132
A24: 3038 | B24: WITHDRAWN | C24: Mission EDC | D24: Windermere Project | E24: Austin | F24: 1700000 | G24: 1700000 | H24: 37014 | I24: =H24+35 -> 37049 | J24: 1700000 | K24: =H24+120 -> 37134 | L24: 0 | M24: =SUM(G24-L24) -> 1700000 | N24: 37132
A25: 3039 | B25: WITHDRAWN | C25: Mission EDC | D25: Hornsby Bend Project | E25: Austin | F25: 9800000 | G25: 9800000 | H25: 37014 | I25: =H25+35 -> 37049 | J25: 9800000 | K25: =H25+120 -> 37134 | L25: 0 | M25: =SUM(G25-L25) -> 9800000 | N25: 37132
A26: 3043 | B26: CLOSED | C26: Nacogdoches IDA | D26: East Texas Lee Container | E26: Nacodoches | F26: 3500000 | G26: 3500000 | H26: 37044 | I26: =H26+35 -> 37079 | J26: 3500000 | K26: =H26+120 -> 37164 | L26: 2500000 | M26: =SUM(G26-L26) -> 1000000 | N26: 37175
C28: TOTALS | F28: =SUM(F7:F27) -> 315950000 | G28: =SUM(G7:G27) -> 315950000 | J28: =SUM(J7:J27) -> 245950000 | L28: =SUM(L7:L27) -> 126550000 | M28: =SUM(M7:M27) -> 189400000
C30: In-Line | F30: =SUM(F28-G28) -> 0
C32: Available | F32: =C1-G28+M28 -> 404214518
